 Dungeon Crawl Stone Soup version 0.24.0-2-g5b39cebb1c (webtiles) character file.

Game seed: 8609987355690315122, levelgen mode: deterministic

332244 ventricule the Acrobat (level 22, 0/153 HPs)
             Began as a Kobold Berserker on Oct 27, 2019.
             Was a High Priest of Trog.
             Slain by a titan (27 damage)
             ... on level 5 of the Vaults on Oct 29, 2019.
             The game lasted 03:22:47 (62139 turns).

ventricule the Acrobat (Kobold Berserker)          Turns: 62139, Time: 03:22:47

Health: 0/153      AC: 28    Str: 25    XL:     22   Next: 76%
Magic:  10/10      EV: 37    Int: 10    God:    Trog [*****.]
Gold:   947        SH:  8    Dex: 28    Spells: 21/21 levels left

rFire    + . .     SeeInvis +   b - +10 quick blade (antimagic)
rCold    . . .     Gourm    .   y - +0 buckler of Fortification {rElec Str+3}
rNeg     + + .     Faith    .   K - +5 shadow dragon scales
rPois    .         Spirit   .   m - +2 helmet
rElec    +         Reflect  .   z - +0 cloak {MR+} {MR+}
rCorr    +         Harm     .   u - +1 pair of gloves
MR       ++++.                  U - +0 pair of boots of Mirghuema {rF+ rCorr Dex+3}
Stlth    +++++++++.             Z - amulet "Fyuphoe" {Acrobat rN+}
HPRegen  1.35/turn              S - ring of see invisible
MPRegen  0.12/turn              N - ring of positive energy {rN+}

@: mighty, agile, regenerating
A: small, carnivore
}: 2/15 runes: serpentine, barnacled
a: Berserk, Trog's Hand, Brothers in Arms, Renounce Religion


You were on level 5 of the Vaults.
You worshipped Trog.
Trog was extremely pleased with you.
You were not hungry.

You visited 7 branches of the dungeon, and saw 37 of its levels.

You collected 4386 gold pieces.
You spent 3439 gold pieces at shops.

Inventory:

Hand Weapons
 a - the +9 dagger "Ubla" {venom, *Noise rPois rC+ Dex+2}
   (Trog gifted it to you on level 1 of the Vaults)

   It poisons the flesh of those it strikes.
   It affects your dexterity (+2).
   It protects you from cold.
   It protects you from poison.
   It may make noises in combat.
 b - a +10 antimagic quick blade (weapon)
 I - the +4 quick blade of Qeediv {pierce, rPois Str+4}
   (Trog gifted it to you on level 1 of the Elven Halls)

   It inflicts extra damage upon your enemies.
   It affects your strength (+4).
   It protects you from poison.
Missiles
 v - 22 atropa-tipped darts (quivered)
 w - 85 poisoned darts
 T - 11 curare-tipped darts
Armour
 m - a +2 helmet (worn)
 u - a +1 pair of gloves (worn)
 y - the +0 buckler of Fortification (worn) {rElec Str+3}
   (You acquired it on level 1 of the Snake Pit)

   It affects your strength (+3).
   It insulates you from electricity.
 z - a +0 cloak of magic resistance (worn) {MR+}
 K - +5 shadow dragon scales (worn)
 O - the +8 chain mail "Webelos" {rF+++ rN+ Int-3 Dex+6}
   (You bought it in a shop on level 1 of the Snake Pit)

   It affects your intelligence (-3).
   It affects your dexterity (+6).
   It renders you almost immune to fire.
   It protects you from negative energy.
 U - the +0 pair of boots of Mirghuema (worn) {rF+ rCorr Dex+3}
   (You bought it in a shop on level 2 of the Orcish Mines)

   It affects your dexterity (+3).
   It protects you from fire.
   It provides partial protection from all sources of acid and corrosion.
Jewellery
 J - an uncursed ring of fire {rF+, rC-}
 N - a ring of positive energy (right hand) {rN+}
 S - a ring of see invisible (left hand)
 V - an uncursed ring of ice {rC+, rF-}
 Z - the amulet "Fyuphoe" (around neck) {Acrobat rN+}
   (You bought it in a shop on level 2 of the Orcish Mines)

   [amulet of the acrobat]

   It helps you evade while moving and waiting.
   It protects you from negative energy.
Wands
 k - a wand of disintegration (24)
 o - a wand of paralysis (12)
 A - a wand of acid (18)
 D - a wand of digging (5)
 P - a wand of clouds (4)
 Q - a wand of scattershot (5)
 X - a wand of iceblast (7)
Scrolls
 f - 5 scrolls of fog
 g - 8 scrolls of fear
 i - 10 scrolls of identify
 t - 6 scrolls of teleportation
 x - 2 scrolls of enchant armour
 B - 3 scrolls of blinking {!r}
 C - 8 scrolls of remove curse
 E - a scroll of silence
 F - 8 scrolls of enchant weapon
 G - 2 scrolls of magic mapping {!r}
 M - a scroll of immolation {!r}
 W - a scroll of summoning
 Y - 3 scrolls of vulnerability {!r!r}
Potions
 c - 5 potions of lignification {!q}
 d - 2 potions of might
 h - 8 potions of haste
 j - 3 potions of brilliance
 n - a potion of resistance
 p - 3 potions of flight
 q - 17 potions of curing
 s - 4 potions of agility
 H - 3 potions of mutation {!q}
Miscellaneous
 l - a lamp of fire
 r - a lamp of fire
 L - a phantom mirror
 R - a sack of spiders
Comestibles
 e - 40 rations


   Skills:
 + Level 20.6 Fighting
 + Level 18.7 Short Blades
 + Level 10.3 Armour
 + Level 21.9 Dodging
 + Level 17.7 Stealth
 - Level 5.6 Shields
 + Level 14.3 Evocations


You had 21 spell levels left.
You didn't know any spells.
Your spell library was empty.

Dungeon Overview and Level Annotations

Branches:
Dungeon (15/15)            Temple (0/1) D:6            Lair (6/6) D:8
 Shoals (4/4) Lair:4        Snake (4/4) Lair:3        Slime (0/5) Lair:5
    Orc (2/2) D:11            Elf (1/3) Orc:2        Vaults (5/5) D:14
  Crypt (0/3) Vaults:2     Depths (0/5) D:15

Altars:
Dithmenos
Elyvilon
Gozag
Hepliaklqana
Kikubaaqudgha
Qazlal
Ru
Sif Muna
Trog
Yredelemnul
The Shining One

Shops:
D:6 :   D:8 :   Orc:2 =*:[   Snake:1 [*}[   Vaults:1 %   Vaults:3 :

Portals:
Trove: Vaults:3 (give 5 potions of resistance)

Annotations:
Snake:4 Vashnia


Innate Abilities, Weirdness & Mutations

You are small and have problems with some larger weapons.
You are carnivorous and can eat meat at any time.


Message History

You hit the titan.
The titan's magic leaks into the air.
You hit the titan.
The titan's magic leaks into the air.
The tengu reaver completely misses you.
The tengu reaver pecks you but does no damage.
The tengu reaver completely misses you. The titan completely misses you.
You hit the titan.
The titan's magic leaks into the air.
You hit the titan.
The titan's magic leaks into the air.
You hit the titan but do no damage.
The sentinel's mark upon you fades away.
The titan gestures at you while chanting.
The bolt of lightning hits you! You resist.
* * * LOW HITPOINT WARNING * * *
You take 11 damage, and have 36/153 hp.
You feel very mighty all of a sudden.
The tengu reaver hits you with a +0 great sword!
* * * LOW HITPOINT WARNING * * *
The tengu reaver misses you. The tengu reaver claws you.
* * * LOW HITPOINT WARNING * * *
The titan hits you!!
You die...

##### #### ..... ...#
..... ..D.#
#####################....#
[#.#)#.#.#.#C#C#.#c#.....#
#.#.#(#.#.#)#)#C#Q#.#.#
.#)#.#.#.#.#)#.#@#.#.##
#########p#########.#C# #
#)#.# ##.## ###)..###
#.#.# ##...))p.## ##.##
##..p).p...## #.#.#
##..p)))p....#####.##
.#....pp)[.....#.#.#.#
#.#.:.)...[.p.#)#)#.##


You could see a titan, a stone giant, a tengu reaver and a yaktaur.

Levels and vault maps discovered:
D:1:      ebering_trefoil_twist, layout_basic, serial_forest,
          infiniplex_forest_straight_2, infiniplex_forest_end_2,
          infiniplex_forest_clump_double, infiniplex_forest_pool,
          infiniplex_forest_zigzag_1, infiniplex_forest_clump_C
D:2:      layout_rooms, bloody_trog, kennysheep_vampire_church,
          minmay_heptomino_l4
D:3:      layout_loops_ring, old_standard_altar, first_ration,
          ebering_ghost_reflecting_pool, uniq_natasha
D:4:      minmay_recursive_quarters, layout_basic
D:5:      layout_basic
D:6:      layout_cave_pools, chequers_temple_overflow_minitemple,
          minmay_temple_entry_glass, serial_shops, shop, uniq_pikel,
          uniq_prince_ribbit1, uniq_menkaure
D:7:      layout_basic, lemuel_mausoleum_altar_yredelemnul
D:8:      layout_rooms, overflow_temple_1_default, lair_entry_dummy,
          serial_shops, shop, trog_butcher_becter
D:9:      layout_stronghold
D:10:     layout_roguey, onia_ninara_cookie
D:11:     hangedman_cross_cluster, layout_loops_ring, david_orc_2, basic_altar,
          uniq_fannar
D:12:     layout_irregular_city
D:13:     layout_layer_cave, hangedman_fish_farm, hangedman_ru_absence,
          uniq_sonja
D:14:     layout_loops_ring, hangedman_vaults_entry_quadrant_bands,
          minivault_25, uniq_kirke
D:15:     hangedman_depths_entry_try_elsewhere_first, layout_irregular_city,
          minmay_misc_feat_plants
Lair:1:   layout_long_grid, chequers_serial_rivers_room_b, uniq_harold
Lair:2:   layout_hall_layers, nicolae_quartered_pool_medium,
          chequers_serial_rivers_micro_e, serial_bayou_lake_a
Lair:3:   layout_hall_layers, minmay_snake_entry_guardpost_small,
          beast_lair_carwin_9, serial_bayou_shore_a, infiniplex_staircase_pool
Lair:4:   layout_layer_cave, elwin_shoals_entry_rooms, st_stairs_9
Lair:5:   layout_roguey, nicolae_slime_entry_slimehenge, uniq_rupert,
          uniq_josephine
Lair:6:   evilmike_catoblepas_cave, layout_cave_pods
Shoals:1: layout_shoals
Shoals:2: layout_shoals, nicolae_shoals_hunting_party, uniq_ilsuiw
Shoals:3: layout_shoals
Shoals:4: shoals_end_grunt_ice, layout_shoals, uniq_roxanne, uniq_mara
Snake:1:  layout_onion, serial_shops, shop, shop_fountains, shop,
          nicolae_shop_stone, uniq_asterion, uniq_aizul
Snake:2:  layout_grid_maze, basic_altar, st_stairs_6, serial_bayou_pond_a
Snake:3:  layout_grid_shapes, hangedman_corner_corridor
Snake:4:  snake_pit, layout_cave_town, uniq_vashnia
Orc:1:    layout_diamond_mine, uniq_nergalle, uniq_erica
Orc:2:    st_orc_rangers, layout_caves
Elf:1:    minmay_elf_arrival_summoners, layout_loops_ring,
          hangedman_elf_represent, uniq_frances
Vaults:1: ontoclasm_vaults_gateway, v_misc_11, vaults_dpeg_cross,
          nicolae_vaults_inception_corners, vaults_room_pool,
          nicolae_vaults_network_barrier, v_misc_18, ontoclasm_vaults_bender,
          hangedman_vaults_corner_blocks, nicolae_vaults_bisected_inception,
          v_pattern_2, nicolae_vaults_three_branches, nicolae_vaults_murderbox,
          nicolae_vaults_little_squares_3, v_misc_25, vaults_dpeg_doors,
          layout_vaults_omnibox, serial_shops, shop
Vaults:2: v_misc_22, ontoclasm_vaults_twist, v_alt_pattern_5, v_misc_2,
          v_alt_pattern_6, nicolae_vaults_rhombus_6, ontoclasm_vaults_spin,
          v_pattern_4, vaults_room_grunt_arrival_ludios,
          minmay_crypt_entry_necro_gods, layout_vaults_chaotic_city
Vaults:3: v_rooms_3, hangedman_vaults_stitches, vaults_standard_mumra_x,
          nicolae_vaults_big_ls, vaults_standard_mumra_enter_the_diamond,
          v_misc_25, nicolae_vaults_circle_grid_a,
          nicolae_vaults_little_squares_4, vaults_room_hallway,
          vaults_room_fours, layout_vaults_omnicross, serial_shops,
          nicolae_shop_trees, enter_trove_1
Vaults:4: nicolae_vaults_border_crossing, nicolae_vaults_big_angled_halls,
          vaults_dpeg_spiral, v_misc_10, nicolae_vaults_triangles,
          nicolae_vaults_specimen_jars, nicolae_vaults_octagons,
          v_alt_pattern_6, dpeg_vaults_monster_row, hangedman_vaults_snaps,
          vaults_room_grid, grunt_vaults_hallway_short, layout_vaults_ring
Vaults:5

Notes
Turn   | Place    | Note
-------+----------+-------------------------------------------
     0 | D:1      | ventricule the Kobold Berserker began the quest for the
                  | Orb.
     0 | D:1      | Reached XP level 1. HP: 14/14 MP: 1/1
     1 | D:1      | Identified a +0 club
     4 | D:1      | Identified a +0 dagger
   110 | D:1      | Identified a +0 club
   134 | D:1      | Identified a +0 whip
   141 | D:1      | Identified a +0 short sword
   144 | D:1      | Reached XP level 2. HP: 15/19 MP: 2/2
   527 | D:1      | Identified a +0 club
   532 | D:1      | Reached skill level 5 in Short Blades
   702 | D:1      | Identified a +0 dagger
   702 | D:1      | Identified a +0 club
   704 | D:1      | Identified a +0 club
   714 | D:1      | Reached XP level 3. HP: 23/23 MP: 3/3
   761 | D:1      | Identified a cursed -3 club
   772 | D:1      | Reached ** piety under Trog
  1115 | D:2      | Identified a +0 club
  1141 | D:2      | Reached skill level 6 in Short Blades
  1157 | D:2      | Reached XP level 4. HP: 28/28 MP: 4/4
  1313 | D:2      | Identified a +0 dagger
  1387 | D:2      | HP: 3/28 [worm (10)]
  1797 | D:2      | Identified a +0 club
  1800 | D:2      | Identified a +0 club
  1808 | D:2      | Identified a +0 flail
  1812 | D:2      | Reached skill level 7 in Short Blades
  1835 | D:2      | Identified a +1 flail of protection
  1836 | D:2      | Identified 2 scrolls of identify
  1836 | D:2      | Identified 2 potions of curing
  1838 | D:2      | Reached XP level 5. HP: 20/32 MP: 5/5
  1839 | D:2      | Identified a scroll of teleportation
  2048 | D:2      | Found an ancient bone altar of Kikubaaqudgha.
  2074 | D:2      | Reached skill level 8 in Short Blades
  2074 | D:2      | Reached XP level 6. HP: 26/37 MP: 6/6
  2357 | D:2      | Identified a +0 club
  2441 | D:2      | Found a bloodstained altar of Trog.
  2441 | D:2      | Identified a +0 club
  2507 | D:3      | Found a runed translucent door.
  2523 | D:3      | Noticed Aviak's ghost (amateur DrSu)
  2526 | D:3      | You fall into a shaft and drop 2 floors!
  2526 | D:5      | Entered Level 5 of the Dungeon
  2538 | D:5      | Identified a scroll of enchant armour
  2544 | D:5      | Identified a +1 pair of gloves (You found it on level 1 of
                  | the Dungeon)
  2544 | D:5      | Identified a scroll of amnesia
  2545 | D:5      | Identified a +0 giant club
  2545 | D:5      | Noticed an ogre
  2553 | D:5      | Killed an ogre
  2553 | D:5      | Reached skill level 9 in Short Blades
  2735 | D:3      | Identified a +0 club
  2756 | D:3      | Identified a +0 club
  2967 | D:3      | You fall into a shaft and drop 2 floors!
  2967 | D:5      | Noticed a phantom
  2989 | D:5      | Reached *** piety under Trog
  2996 | D:5      | Killed a phantom
  2996 | D:5      | Reached XP level 7. HP: 41/41 MP: 7/7
  3053 | D:5      | Identified a +0 dagger
  3053 | D:5      | Identified a +0 robe
  3068 | D:5      | Reached skill level 10 in Short Blades
  3168 | D:5      | Identified a scroll of fear
  3169 | D:5      | Identified a +1 dagger of flaming (You found it on level 5
                  | of the Dungeon)
  3176 | D:5      | Identified a +0 helmet (You found it on level 5 of the
                  | Dungeon)
  3187 | D:5      | Identified a +0 flail
  3187 | D:5      | Identified a +0 club
  3187 | D:5      | Identified a +3 scale mail
  3188 | D:5      | Identified a +0 dagger
  3188 | D:5      | Identified a +0 robe
  3204 | D:5      | Reached skill level 1 in Stealth
  3400 | D:4      | Reached skill level 2 in Armour
  3400 | D:4      | Reached skill level 3 in Dodging
  3636 | D:3      | Reached skill level 2 in Stealth
  3644 | D:3      | Found a white marble altar of Elyvilon.
  3647 | D:3      | Identified a ring of see invisible (You found it on level 3
                  | of the Dungeon)
  3668 | D:3      | Noticed Natasha
  3675 | D:3      | Killed Natasha
  3761 | D:3      | Identified a scroll of enchant weapon
  3793 | D:3      | Killed Aviak's ghost
  3793 | D:3      | Reached skill level 4 in Fighting
  3793 | D:3      | Reached XP level 8. HP: 48/48 MP: 8/8
  3896 | D:4      | Identified a +0 hand axe
  3897 | D:4      | Identified a +0 dagger
  3897 | D:4      | Identified a +0 robe
  3898 | D:4      | Identified a +0 club
  3900 | D:4      | Identified a +0 falchion
  3919 | D:4      | Reached skill level 3 in Stealth
  3920 | D:4      | Identified a +0 dagger
  3931 | D:4      | Reached skill level 4 in Dodging
  4213 | D:4      | Reached skill level 4 in Stealth
  4241 | D:4      | Identified a +0 giant club
  4350 | D:4      | Identified a +0 giant club
  4352 | D:4      | Reached skill level 5 in Fighting
  4355 | D:4      | Identified a +0 mace
  4389 | D:4      | Identified a scroll of remove curse
  4908 | D:5      | Identified a +0 giant club
  4915 | D:5      | Reached skill level 5 in Dodging
  4915 | D:5      | Reached skill level 5 in Stealth
  5025 | D:5      | You fall into a shaft and drop 3 floors!
  5026 | D:8      | Identified a +0 dagger
  5026 | D:8      | Identified a +0 club
  5026 | D:8      | Identified a +0 whip
  5026 | D:8      | Identified a +1 dagger of venom
  5045 | D:8      | Reached **** piety under Trog
  5049 | D:8      | Identified a +0 hand axe
  5049 | D:8      | Identified a +0 chain mail
  5068 | D:7      | Reached XP level 9. HP: 54/55 MP: 9/9
  5157 | D:7      | Reached skill level 6 in Stealth
  5187 | D:7      | Reached skill level 6 in Fighting
  5537 | D:7      | Reached skill level 6 in Dodging
  5679 | D:7      | Reached skill level 7 in Stealth
  5966 | D:7      | Identified a +0 scimitar
  5966 | D:7      | Identified a +0 robe
  5984 | D:7      | Identified a +3 morningstar
  5984 | D:7      | Identified a +0 robe
  5988 | D:7      | Reached skill level 7 in Dodging
  6050 | D:7      | Reached skill level 7 in Fighting
  6120 | D:7      | Reached skill level 8 in Stealth
  6122 | D:7      | Found a basalt altar of Yredelemnul.
  6198 | D:8      | Identified a +0 hand axe
  6199 | D:8      | Identified a +0 whip
  6202 | D:8      | Identified a +0 dagger
  6202 | D:8      | Identified a +0 leather armour
  6343 | D:8      | Identified a +0 ring mail
  6358 | D:8      | Identified the +1 war axe of Vacvuek {drain, *Contam +Inv
                  | rC+++ Dex-2}
  6358 | D:8      | Identified a +0 shortbow
  6482 | D:7      | Identified a +0 war axe
  6483 | D:7      | Identified a cursed -2 club
  6487 | D:7      | Identified a +0 hand axe
  6557 | D:6      | Found a staircase to the Ecumenical Temple.
  6561 | D:6      | Found Toeda's Book Boutique.
  6601 | D:6      | Identified a +0 giant club
  6601 | D:6      | Noticed Prince Ribbit
  6876 | D:6      | Identified a +0 dagger
  6876 | D:6      | Identified a +0 robe
  6876 | D:6      | Identified a +0 hand axe
  6879 | D:6      | Identified a +0 dagger
  6879 | D:6      | Identified a +0 robe
  6880 | D:6      | Identified a cursed +0 mace
  6908 | D:5      | Reached XP level 10. HP: 61/63 MP: 10/10
  6922 | D:6      | Reached ***** piety under Trog
  7067 | D:6      | Identified a +0 whip of freezing
  7067 | D:6      | Identified a +0 robe
  7067 | D:6      | Noticed Pikel
  7107 | D:6      | Identified a +0 whip
  7107 | D:6      | Identified a +0 chain mail
  7151 | D:6      | Reached skill level 8 in Dodging
  7179 | D:6      | Identified a +0 whip
  7182 | D:6      | Identified a +0 long sword
  7312 | D:6      | Killed Pikel
  7312 | D:6      | Reached skill level 8 in Fighting
  7312 | D:6      | Reached skill level 3 in Armour
  7374 | D:6      | Found a faded altar of an unknown god.
  7374 | D:6      | Found a glowing golden altar of the Shining One.
  7379 | D:6      | Found a faded altar of an unknown god.
  7381 | D:6      | Found an opulent altar of Gozag.
  7382 | D:6      | Found a shadowy altar of Dithmenos.
  7513 | D:6      | Killed Prince Ribbit
  7745 | D:6      | Identified a +0 leather armour
  7745 | D:6      | Noticed Menkaure
  7762 | D:6      | Killed Menkaure
  7871 | D:6      | Reached skill level 9 in Dodging
  8071 | D:8      | Identified a +0 trident
  8071 | D:8      | Identified a +0 ring mail
  8072 | D:8      | Identified a +0 flail
  8072 | D:8      | Identified a +0 ring mail
  8073 | D:8      | Identified a +0 mace
  8085 | D:8      | Identified a +0 dagger
  8085 | D:8      | Identified a +0 leather armour
  8088 | D:8      | Identified a +0 whip
  8111 | D:8      | Identified a cursed -2 mace
  8111 | D:8      | Identified a +0 ring mail
  8113 | D:8      | Identified a +0 hand axe
  8113 | D:8      | Identified a +0 leather armour
  8295 | D:8      | Reached skill level 4 in Armour
  8352 | D:8      | Found Qiufephu's Book Emporium.
  8537 | D:8      | Identified a +0 flail of holy wrath
  8538 | D:8      | Identified a +0 leather armour
  8538 | D:8      | Identified a +0 glaive
  8538 | D:8      | Identified a +0 hunting sling
  8538 | D:8      | Identified a +0 plate armour
  8559 | D:8      | Reached skill level 9 in Fighting
  8573 | D:8      | Identified a potion of mutation
  8574 | D:8      | Identified a potion of magic
  8575 | D:8      | Identified 3 potions of might
  8576 | D:8      | Identified 2 potions of lignification
  8577 | D:8      | Identified 2 potions of cancellation
  8578 | D:8      | Identified 2 potions of flight
  8579 | D:8      | Identified a potion of brilliance
  8580 | D:8      | Identified 5 potions of agility
  8586 | D:8      | Identified a +0 short sword
  8689 | D:8      | Found a staircase to the Lair.
  8787 | D:8      | Found a hazy altar of Hepliaklqana.
  8805 | D:8      | Identified a +0 hunting sling
  8878 | D:8      | Found a bloodstained altar of Trog.
  8878 | D:8      | Identified a +0 war axe
  8878 | D:8      | Identified a +0 animal skin
  9006 | D:9      | Identified a +0 giant spiked club
  9006 | D:9      | Identified a +0 dagger
  9006 | D:9      | Identified a +0 leather armour
  9132 | D:9      | Identified a +0 trident of distortion
  9132 | D:9      | Identified a +0 ring mail
  9133 | D:9      | Identified a +0 giant club
  9133 | D:9      | Identified a +0 giant club
  9134 | D:9      | Identified a +0 dagger
  9137 | D:9      | Identified a +0 mace
  9137 | D:9      | Identified a +0 chain mail
  9140 | D:9      | Identified a +0 short sword
  9140 | D:9      | Identified a +0 scale mail
  9141 | D:9      | Received a gift from Trog
  9224 | D:9      | Reached XP level 11. HP: 71/71 MP: 11/11
  9468 | D:9      | Reached skill level 10 in Dodging
  9582 | D:9      | Identified a +0 whip
  9582 | D:9      | Identified a cursed -2 club
  9582 | D:9      | Identified a +0 ring mail
  9583 | D:9      | Identified a +0 short sword of protection
  9636 | D:9      | Reached skill level 5 in Armour
  9638 | D:9      | Identified a +0 giant spiked club
  9638 | D:9      | Identified a +0 giant club
  9638 | D:9      | Noticed a two-headed ogre
  9648 | D:9      | Killed a two-headed ogre
  9648 | D:9      | Reached skill level 10 in Fighting
  9810 | D:9      | Identified a +0 dagger
  9811 | D:9      | Identified a +0 dagger
  9811 | D:9      | Identified a +0 robe
  9811 | D:9      | Identified a +0 dagger
  9811 | D:9      | Identified a +0 robe
  9812 | D:9      | Identified a +0 dagger
  9812 | D:9      | Identified a +0 robe
  9844 | D:9      | Received a gift from Trog
  9848 | D:9      | Identified a +6 short sword of protection (Trog gifted it
                  | to you on level 9 of the Dungeon)
 10219 | D:10     | Entered Level 10 of the Dungeon
 10282 | D:10     | Identified a +0 falchion
 10282 | D:10     | Identified a +0 leather armour
 10282 | D:10     | Identified a +0 hand axe
 10282 | D:10     | Identified a +0 leather armour
 10291 | D:10     | Identified a +0 dagger
 10291 | D:10     | Identified a +0 robe
 10330 | D:10     | Identified a +0 dagger
 10330 | D:10     | Identified a +0 robe
 10332 | D:10     | Identified a cursed +2 dire flail of freezing
 10332 | D:10     | Identified a +0 robe
 10333 | D:10     | Identified a +0 scimitar
 10333 | D:10     | Identified a +0 robe
 10337 | D:10     | Identified a +4 battleaxe
 10337 | D:10     | Identified a +0 robe
 10493 | D:10     | Reached skill level 11 in Dodging
 10696 | D:10     | Identified a +0 short sword
 10702 | D:10     | Identified a +0 dagger
 10703 | D:10     | Identified a +0 dagger
 10704 | D:10     | Identified a +0 whip
 10709 | D:10     | Identified a cursed +0 whip
 10709 | D:10     | Identified a +0 giant spiked club
 10732 | D:10     | Identified a +0 troll leather armour
 10780 | D:10     | Reached skill level 11 in Fighting
 10799 | D:10     | Identified a +0 shortbow
 10806 | D:10     | Paralysed by a floating eye for 4 turns
 10820 | D:10     | Identified a +0 dire flail
 10820 | D:10     | Identified a cursed +0 giant club
 10820 | D:10     | Noticed a two-headed ogre
 10820 | D:10     | Paralysed by a floating eye for 3 turns
 10831 | D:10     | Killed a two-headed ogre
 10831 | D:10     | Reached skill level 12 in Dodging
 11083 | D:10     | Reached XP level 12. HP: 70/80 MP: 12/12
 11206 | D:10     | Identified a +0 leather armour
 11207 | D:10     | Identified a +0 trident
 11207 | D:10     | Identified a +0 plate armour
 11375 | D:10     | Identified a scroll of fog
 11376 | D:10     | Identified a scroll of magic mapping
 11377 | D:10     | Identified a ring of poison resistance (You found it on
                  | level 10 of the Dungeon)
 11438 | Lair:1   | Entered Level 1 of the Lair of Beasts
 11468 | Lair:1   | Noticed a four-headed hydra
 11745 | Lair:1   | Reached skill level 12 in Fighting
 11787 | Lair:1   | Identified a +0 battleaxe
 11787 | Lair:1   | Identified a +0 chain mail
 11787 | Lair:1   | Noticed Harold
 11788 | Lair:1   | Identified a +0 giant spiked club
 11807 | Lair:1   | Killed Harold
 11810 | Lair:1   | Reached skill level 13 in Dodging
 12611 | Lair:1   | Identified a scroll of summoning
 12612 | Lair:1   | Identified a scroll of blinking
 12618 | Lair:1   | Identified a +0 cloak (You found it on level 1 of the Lair
                  | of Beasts)
 12791 | Lair:1   | Received a gift from Trog
 12795 | Lair:1   | Identified a +4 antimagic rapier (Trog gifted it to you on
                  | level 1 of the Lair of Beasts)
 12807 | Lair:1   | Identified a +0 buckler (You found it on level 1 of the
                  | Lair of Beasts)
 12946 | Lair:1   | Reached skill level 1 in Shields
 13025 | Lair:1   | Killed a four-headed hydra
 13025 | Lair:1   | Reached skill level 2 in Shields
 13127 | Lair:2   | Noticed a seven-headed hydra
 13152 | Lair:1   | Reached skill level 3 in Shields
 13341 | Lair:1   | Reached skill level 4 in Shields
 13789 | Lair:2   | Reached XP level 13. HP: 78/87 MP: 13/13
 13828 | Lair:2   | Killed a seven-headed hydra
 13828 | Lair:2   | Reached skill level 13 in Fighting
 13896 | Lair:2   | Got a tattered robe
 13897 | Lair:2   | Identified the +2 robe "Viava" {rElec Dex+3} (You found it
                  | on level 2 of the Lair of Beasts)
 14003 | Lair:2   | Identified a ring of positive energy (You found it on level
                  | 2 of the Lair of Beasts)
 14581 | Lair:3   | Identified a cursed -1 trident
 14581 | Lair:3   | Identified a +0 robe
 14584 | Lair:3   | Found a staircase to the Snake Pit.
 14584 | Lair:3   | Identified a cursed -2 long sword
 14730 | Lair:3   | Identified a +0 war axe
 14742 | Lair:3   | Reached skill level 9 in Stealth
 14748 | Lair:3   | Reached skill level 14 in Dodging
 14842 | Lair:3   | Reached skill level 11 in Short Blades
 15828 | Lair:4   | Identified a +2 trident of freezing
 15834 | Lair:4   | Found a staircase to the Shoals.
 15997 | Lair:4   | Identified a +4 vampiric trident
 16245 | Lair:4   | Reached skill level 10 in Stealth
 17037 | Lair:5   | Identified a +3 dagger of speed
 17037 | Lair:5   | Identified a +0 robe
 17037 | Lair:5   | Noticed Josephine
 17187 | Lair:5   | Killed Josephine
 17239 | Lair:5   | Identified a +0 giant club
 17239 | Lair:5   | Identified a +0 dire flail
 17242 | Lair:5   | Reached skill level 12 in Short Blades
 17558 | Lair:5   | Identified a +2 battleaxe of pain
 17558 | Lair:5   | Identified a +0 ring mail
 17558 | Lair:5   | Noticed Rupert
 17565 | Lair:5   | Identified a scroll of immolation
 17566 | Lair:5   | Identified 2 potions of degeneration
 17568 | Lair:5   | Noticed a four-headed hydra
 17570 | Lair:5   | Killed Rupert
 17570 | Lair:5   | Reached skill level 14 in Fighting
 17921 | Lair:5   | Found a staircase to the Slime Pits.
 17998 | Lair:5   | Reached XP level 14. HP: 96/96 MP: 14/14
 18167 | Lair:5   | Reached skill level 15 in Dodging
 18187 | Lair:5   | Identified a ring of ice (You found it on level 5 of the
                  | Lair of Beasts)
 18385 | Lair:6   | Entered Level 6 of the Lair of Beasts
 18811 | Lair:6   | Reached skill level 13 in Short Blades
 19506 | Lair:6   | Identified a scroll of vulnerability
 20364 | Lair:6   | Reached skill level 15 in Fighting
 20592 | Lair:6   | Reached skill level 14 in Short Blades
 20592 | Lair:6   | Reached skill level 16 in Dodging
 22007 | D:11     | Identified a +0 leather armour
 22007 | D:11     | Identified a +3 dagger
 22007 | D:11     | Identified a +0 morningstar
 22007 | D:11     | Identified a +0 leather armour
 22007 | D:11     | Identified a +0 short sword
 22008 | D:11     | Found a staircase to the Orcish Mines.
 22008 | D:11     | Identified a +0 club
 22027 | D:11     | Identified a cursed -1 dagger
 22027 | D:11     | Identified a +0 robe
 22032 | D:11     | Identified a +1 dire flail
 22032 | D:11     | Identified a +0 robe
 22032 | D:11     | Identified a +0 scimitar
 22032 | D:11     | Identified a cursed +0 plate armour
 22033 | D:11     | Identified a +0 shortbow
 22034 | D:11     | Identified a +0 dagger
 22034 | D:11     | Identified a +0 robe
 22042 | D:11     | Identified a +0 flail
 22043 | D:11     | Identified a +5 mace of freezing
 22043 | D:11     | Identified a +0 robe
 22044 | D:11     | Identified a +4 morningstar
 22044 | D:11     | Identified a +0 robe
 22047 | D:11     | Identified a cursed +0 trident
 22047 | D:11     | Identified a +0 robe of magic resistance
 22048 | D:11     | Identified a +2 battleaxe
 22048 | D:11     | Identified a +0 robe
 22128 | D:11     | Identified a +0 quarterstaff of freezing
 22128 | D:11     | Identified a +2 robe of cold resistance
 22128 | D:11     | Noticed Fannar
 22131 | D:11     | Killed Fannar
 22131 | D:11     | Received a gift from Trog
 22131 | D:11     | Reached XP level 15. HP: 103/103 MP: 15/15
 22132 | D:11     | Identified a +0 giant club
 22172 | D:11     | Identified a ring of teleportation (You found it on level
                  | 11 of the Dungeon)
 22173 | D:11     | Identified a scroll of noise
 22200 | D:11     | Identified a +0 hand axe
 22200 | D:11     | Identified a +0 chain mail
 22297 | D:11     | Identified a +3 scimitar of flaming
 22326 | D:11     | Identified a +0 mace
 22500 | D:11     | Identified a +0 war axe
 22506 | D:11     | Identified the +5 shortbow of the Valley {venom, rN++ Str+8
                  | Int-2 Stlth-}
 22538 | D:11     | Identified a +0 flail
 22539 | D:11     | Identified a cursed +3 hand axe
 22539 | D:11     | Identified a +0 robe
 22600 | D:11     | Got a smoking cloak
 22632 | D:11     | Identified the +0 cloak "Myitoec" {*Corrode Int+10} (You
                  | found it on level 11 of the Dungeon)
 22715 | D:11     | Identified a +0 flail
 22715 | D:11     | Identified a +0 ring mail
 22850 | D:11     | Found a shimmering blue altar of Sif Muna.
 22886 | D:11     | Identified a +0 giant spiked club
 22921 | D:11     | Identified a +0 flail
 23356 | D:12     | Identified a +0 mace
 23643 | D:12     | Identified a +2 helmet (You found it on level 12 of the
                  | Dungeon)
 23660 | D:12     | Identified a +1 helmet (You found it on level 12 of the
                  | Dungeon)
 23847 | D:13     | Identified a +2 short sword of distortion
 23847 | D:13     | Noticed Sonja
 23905 | Orc:1    | Entered Level 1 of the Orcish Mines
 23996 | Orc:1    | Identified a +1 dagger of venom
 23996 | Orc:1    | Identified a cursed +0 robe
 23996 | Orc:1    | Noticed Nergalle
 23997 | Orc:1    | Identified a +1 battleaxe of draining
 23997 | Orc:1    | Identified a +0 plate armour
 23997 | Orc:1    | Identified a +0 long sword
 23997 | Orc:1    | Identified a cursed +0 plate armour
 23997 | Orc:1    | Identified a +0 great mace
 23997 | Orc:1    | Identified a +1 plate armour of positive energy
 23999 | Orc:1    | Identified a +3 scimitar of flaming
 23999 | Orc:1    | Identified a +0 robe
 23999 | Orc:1    | Noticed Erica
 23999 | Orc:1    | Identified a cursed +0 mace
 24006 | Orc:1    | Identified a +0 giant club
 24009 | Orc:1    | Identified a +0 hand axe
 24009 | Orc:1    | Identified a +0 plate armour
 24011 | Orc:1    | Identified a +0 broad axe
 24011 | Orc:1    | Identified a +0 plate armour
 24011 | Orc:1    | Identified a +0 dire flail
 24011 | Orc:1    | Identified a +2 chain mail of fire resistance
 24016 | Orc:1    | Killed Nergalle
 24026 | Orc:1    | Killed Erica
 24034 | Orc:1    | Identified a +2 long sword
 24034 | Orc:1    | Identified a +0 plate armour
 24043 | Orc:1    | Identified a +0 flail
 24047 | Orc:1    | Identified a +0 short sword
 24050 | Orc:1    | Identified a +0 halberd of protection
 24050 | Orc:1    | Identified a +0 chain mail
 24050 | Orc:1    | Identified a +0 short sword
 24052 | Orc:1    | Identified a +0 halberd
 24052 | Orc:1    | Identified a +0 chain mail
 24103 | Orc:1    | Identified a +0 battleaxe
 24103 | Orc:1    | Identified a +0 plate armour
 24107 | Orc:1    | Identified a +0 halberd
 24107 | Orc:1    | Identified a +0 chain mail
 24107 | Orc:1    | Identified a +0 falchion
 24107 | Orc:1    | Identified a +0 chain mail
 24107 | Orc:1    | Identified a +0 trident
 24107 | Orc:1    | Identified a +0 chain mail
 24114 | Orc:1    | Reached skill level 17 in Dodging
 24120 | Orc:1    | HP: 35/156 [orc warrior/+0 halberd[an orc knight] (20)]
 24128 | Orc:1    | Reached skill level 16 in Fighting
 24379 | Orc:1    | Identified a +0 giant club
 24572 | Orc:2    | Entered Level 2 of the Orcish Mines
 24573 | Orc:2    | Identified a +0 short sword
 24573 | Orc:2    | Identified a +0 dagger
 24573 | Orc:2    | Identified a +0 robe
 24574 | Orc:2    | Identified a +0 flail
 24575 | Orc:2    | Identified a +0 flail
 24575 | Orc:2    | Identified a +0 plate armour
 24575 | Orc:2    | Identified a +0 flail
 24686 | Orc:2    | Identified a +0 flail
 24686 | Orc:2    | Identified a +0 leather armour
 24686 | Orc:2    | Identified a +0 dagger
 24686 | Orc:2    | Identified a +0 robe
 24687 | Orc:2    | Identified a +0 dagger
 24687 | Orc:2    | Identified a +0 robe
 24687 | Orc:2    | Identified a +0 club
 24688 | Orc:2    | Identified a +0 morningstar
 24689 | Orc:2    | Identified a +0 dagger
 24689 | Orc:2    | Identified a +0 robe
 24689 | Orc:2    | Identified a +0 whip
 24691 | Orc:2    | Identified a +1 hand axe of freezing
 24691 | Orc:2    | Identified a +0 chain mail
 24759 | Orc:2    | Identified a +0 mace
 24759 | Orc:2    | Identified a +0 arbalest
 24818 | Orc:2    | Identified a +0 shortbow
 24819 | Orc:2    | Identified a +0 shortbow
 24821 | Orc:2    | Identified a +0 trident
 24821 | Orc:2    | Identified a +0 arbalest
 24821 | Orc:2    | Identified a +0 battleaxe
 24821 | Orc:2    | Identified a +0 arbalest
 24821 | Orc:2    | Identified a +0 battleaxe
 24821 | Orc:2    | Identified a +0 arbalest
 24821 | Orc:2    | Identified a +0 trident
 24821 | Orc:2    | Identified a +0 arbalest
 24826 | Orc:2    | Identified a +0 flail of protection
 24852 | Orc:2    | Found a staircase to the Elven Halls.
 24921 | Orc:2    | Identified a +0 shortbow
 24924 | Orc:2    | Identified a +0 shortbow
 24925 | Orc:2    | Identified a +0 broad axe
 24925 | Orc:2    | Identified a +0 arbalest
 24925 | Orc:2    | Identified a +0 glaive
 24925 | Orc:2    | Identified a +0 arbalest
 24925 | Orc:2    | Identified a +0 trident
 24925 | Orc:2    | Identified a +0 arbalest
 24937 | Orc:2    | Identified a +0 shortbow
 24940 | Orc:2    | Received a gift from Trog
 24954 | Orc:2    | Identified a +0 hand axe
 24954 | Orc:2    | Identified a +0 arbalest
 24958 | Orc:2    | Identified a +0 dire flail
 24958 | Orc:2    | Identified a +0 chain mail
 24958 | Orc:2    | Identified a +0 great mace
 24958 | Orc:2    | Identified a +0 arbalest
 24958 | Orc:2    | Identified a +0 great mace
 24958 | Orc:2    | Identified a +0 arbalest
 24960 | Orc:2    | Identified a +0 mace
 24960 | Orc:2    | Identified a +2 plate armour of magic resistance
 24966 | Orc:2    | Identified a +4 vampiric dagger (Trog gifted it to you on
                  | level 2 of the Orcish Mines)
 24997 | Orc:2    | Identified a +0 giant spiked club
 25004 | Orc:2    | Identified a +0 shortbow
 25005 | Orc:2    | Identified a +0 trident
 25005 | Orc:2    | Identified a +0 arbalest
 25010 | Orc:2    | Identified a +0 scimitar
 25010 | Orc:2    | Identified a +0 plate armour
 25045 | Orc:2    | Identified a +0 great mace
 25045 | Orc:2    | Identified a +0 arbalest
 25151 | Orc:2    | Identified a +0 shortbow
 25188 | Orc:2    | Identified a +0 shortbow
 25198 | Orc:2    | Identified a +0 great mace
 25198 | Orc:2    | Identified a +0 arbalest
 25221 | Orc:2    | Identified a +0 glaive
 25221 | Orc:2    | Identified a +0 plate armour
 25227 | Orc:2    | Identified a +0 club
 25227 | Orc:2    | Identified a +0 leather armour
 25266 | Orc:2    | Identified a +0 dagger
 25298 | Orc:2    | Identified a +0 scimitar
 25298 | Orc:2    | Identified a +0 chain mail
 25304 | Orc:2    | Identified a +0 great mace
 25304 | Orc:2    | Identified a +0 arbalest
 25308 | Orc:2    | Identified a +0 trident
 25308 | Orc:2    | Identified a +0 arbalest
 25372 | Orc:2    | Identified a +0 glaive
 25372 | Orc:2    | Identified a +0 arbalest
 25414 | Orc:2    | Identified a +0 mace
 25426 | Orc:2    | Identified a +0 short sword
 25426 | Orc:2    | Identified a +0 chain mail
 25427 | Orc:2    | Identified a +0 battleaxe
 25427 | Orc:2    | Identified a +0 arbalest
 25429 | Orc:2    | Identified a +0 trident
 25429 | Orc:2    | Identified a +0 arbalest
 25451 | Orc:2    | Identified a +0 trident of piercing
 25451 | Orc:2    | Identified a +0 chain mail
 25452 | Orc:2    | Identified a +0 dagger
 25481 | Orc:2    | Identified a +0 halberd
 25481 | Orc:2    | Identified a +0 plate armour
 25488 | Orc:2    | Identified a +0 battleaxe
 25488 | Orc:2    | Identified a +0 plate armour
 25500 | Orc:2    | Identified a cursed -1 glaive
 25500 | Orc:2    | Identified a +0 plate armour
 25527 | Orc:2    | Identified a +0 hand axe
 25535 | Orc:2    | Identified a +0 battleaxe
 25535 | Orc:2    | Identified a +0 plate armour
 25560 | Orc:2    | Identified a +0 great mace
 25560 | Orc:2    | Identified a +0 arbalest
 25562 | Orc:2    | Identified a +0 leather armour
 25562 | Orc:2    | Identified a cursed -2 dagger
 25562 | Orc:2    | Identified a +0 robe
 25564 | Orc:2    | Identified a +0 whip
 25578 | Orc:2    | Identified a +0 leather armour
 25581 | Orc:2    | Identified a +0 hand axe
 25581 | Orc:2    | Identified a +0 plate armour
 25588 | Orc:2    | Identified a +0 war axe
 25588 | Orc:2    | Identified a cursed +0 ring mail
 25927 | Orc:2    | Identified a +0 flail
 25927 | Orc:2    | Identified a +0 chain mail
 25939 | Orc:2    | Identified a +0 trident
 25939 | Orc:2    | Identified a +0 ring mail
 25994 | Orc:2    | Identified a +1 dagger of draining
 25995 | Orc:2    | Identified a +0 ring mail
 25996 | Orc:2    | Identified a +0 halberd
 25996 | Orc:2    | Identified a +0 chain mail
 26128 | Orc:2    | Found Singubon's Book Shop.
 26128 | Orc:2    | Found Jousuv's General Store.
 26130 | Orc:2    | Found Cinius's Jewellery Shoppe.
 26132 | Orc:2    | Found Xedgh's Armour Boutique.
 26137 | Orc:2    | Bought a scroll of teleportation for 39 gold pieces
 26137 | Orc:2    | Bought the +0 pair of boots of Mirghuema {rF+ rCorr Dex+3}
                  | for 395 gold pieces
 26154 | Orc:2    | Bought the amulet "Fyuphoe" {Acrobat rN+} for 618 gold
                  | pieces
 26320 | Elf:1    | Entered Level 1 of the Elven Halls
 26320 | Elf:1    | Identified a +0 long sword
 26320 | Elf:1    | Identified a +2 dagger of venom
 26320 | Elf:1    | Identified a +0 leather armour
 26320 | Elf:1    | Identified a +0 long sword
 26320 | Elf:1    | Identified a +0 long sword
 26323 | Elf:1    | Identified a +1 long sword of holy wrath
 26323 | Elf:1    | Identified a +0 long sword
 26323 | Elf:1    | Identified a cursed +0 leather armour
 26325 | Elf:1    | Identified a +1 long sword of protection
 26326 | Elf:1    | Identified a +0 long sword
 26483 | Elf:1    | Identified a +0 rapier
 26483 | Elf:1    | Identified a +0 chain mail
 26504 | Orc:2    | Reached skill level 11 in Stealth
 26565 | Elf:1    | Identified a +1 scimitar of holy wrath
 26840 | Elf:1    | Identified a +0 short sword
 26840 | Elf:1    | Identified a +0 shortbow
 26840 | Elf:1    | Identified a +0 leather armour
 26993 | Elf:1    | Identified a +0 rapier
 27035 | Elf:1    | Identified a +0 short sword
 27035 | Elf:1    | Identified a +0 leather armour
 27087 | Elf:1    | Identified a +0 long sword
 27088 | Elf:1    | Identified a +0 long sword
 27088 | Elf:1    | Identified a +0 leather armour
 27089 | Elf:1    | Identified a -3 short sword
 27089 | Elf:1    | Identified a +0 longbow
 27089 | Elf:1    | Identified a +0 leather armour
 27091 | Elf:1    | Identified a +0 long sword
 27091 | Elf:1    | Noticed a deep elf sorcerer
 27118 | Elf:1    | Killed a deep elf sorcerer
 27166 | Elf:1    | Identified a +0 dagger
 27166 | Elf:1    | Identified a +0 longbow
 27166 | Elf:1    | Identified a +0 leather armour
 27167 | Elf:1    | Identified a +3 vampiric trident
 27265 | Elf:1    | Identified a +0 dagger
 27265 | Elf:1    | Identified a +0 shortbow
 27265 | Elf:1    | Identified a +0 leather armour
 27293 | Elf:1    | Received a gift from Trog
 27307 | Elf:1    | Identified a +0 hand axe
 27307 | Elf:1    | Identified a +0 chain mail
 27307 | Elf:1    | Identified a +0 hand axe
 27308 | Elf:1    | Identified a +0 giant spiked club
 27308 | Elf:1    | Identified a +0 giant club
 27308 | Elf:1    | Identified a +0 flail
 27309 | Elf:1    | Identified a +0 halberd
 27309 | Elf:1    | Identified a +0 scale mail
 27312 | Elf:1    | Got an encrusted quick blade {god gift}
 27313 | Elf:1    | Identified a +0 glaive
 27313 | Elf:1    | Identified a +0 chain mail
 27313 | Elf:1    | Identified a +0 dagger
 27313 | Elf:1    | Identified a +2 robe of magic resistance
 27313 | Elf:1    | Identified a +0 club
 27313 | Elf:1    | Identified a +0 glaive
 27313 | Elf:1    | Identified a +0 ring mail
 27313 | Elf:1    | Noticed Frances
 27325 | Elf:1    | Identified the +4 quick blade of Qeediv {pierce, rPois
                  | Str+4} (Trog gifted it to you on level 1 of the Elven
                  | Halls)
 27577 | Elf:1    | Killed Frances
 27723 | Elf:1    | Reached skill level 12 in Stealth
 27847 | Elf:1    | Identified a cursed -3 long sword
 27847 | Elf:1    | Identified a +3 scale mail of poison resistance
 27850 | Elf:1    | Identified a +1 rapier of speed
 27857 | Elf:1    | Reached XP level 16. HP: 111/111 MP: 16/16
 27866 | Elf:1    | Identified a +0 short sword
 27866 | Elf:1    | Identified a +1 scimitar of draining
 27866 | Elf:1    | Identified a +0 shortbow
 27867 | Elf:1    | Identified a +0 short sword
 27867 | Elf:1    | Identified a +2 leather armour of poison resistance
 27867 | Elf:1    | Identified a +0 long sword
 27957 | Elf:1    | Identified a +0 long sword
 27957 | Elf:1    | Identified a +0 shortbow
 28011 | Elf:1    | Identified a +0 dagger
 28011 | Elf:1    | Noticed a deep elf sorcerer
 28011 | Elf:1    | Identified a +0 long sword
 28011 | Elf:1    | Identified a +0 leather armour
 28011 | Elf:1    | Identified a +0 long sword
 28030 | Elf:1    | Killed a deep elf sorcerer
 28181 | Elf:1    | Reached skill level 18 in Dodging
 28487 | Snake:1  | Entered Level 1 of the Snake Pit
 28487 | Snake:1  | Identified a +4 long sword
 28506 | Snake:1  | Identified a +3 shortbow of flaming
 28508 | Snake:1  | Identified a +0 spear
 28554 | Snake:1  | Identified a +0 flail
 28554 | Snake:1  | Identified a +0 robe
 28554 | Snake:1  | Identified a +0 shield
 28555 | Snake:1  | Identified a +7 demon whip of venom
 28555 | Snake:1  | Identified a +0 ring mail
 28555 | Snake:1  | Identified a +0 shield
 28555 | Snake:1  | Noticed Asterion
 28783 | Lair:3   | ventricule: ??asterion
 28783 | Lair:3   | beem: asterion[1/4]: A unique minotaur of Makhleb with
                  | {greater servant}, {major destruction}, and haste. Always
                  | has a demon weapon, morningstar, or broad axe, and a
                  | shield.
 28783 | Lair:3   | ventricule: ??asterion[2]
 28783 | Lair:3   | beem: asterion[2/4]: Likes to use explosions without caring
                  | what's being exploded. Probably don't enslave him as a
                  | Yredelemnulite, unless you like being orb of eleced to
                  | death.
 28788 | Snake:1  | Identified a +0 giant club
 28789 | Snake:1  | Noticed an Executioner
 28792 | Snake:1  | Identified a +0 giant club
 28816 | Lair:3   | Noticed an Executioner
 29064 | Lair:3   | ventricule: ??asterion
 29064 | Lair:3   | beem: asterion[1/4]: A unique minotaur of Makhleb with
                  | {greater servant}, {major destruction}, and haste. Always
                  | has a demon weapon, morningstar, or broad axe, and a
                  | shield.
 29064 | Lair:3   | ventricule: ??asterion[3]
 29064 | Lair:3   | beem: asterion[3/4]: I didn't know asterion was secretly
                  | mennas
 29064 | Lair:3   | ventricule: ??asterion[4]
 29064 | Lair:3   | beem: asterion[4/4]: Asterion says, "In my kingdom,
                  | weaklings like you are put to the sword." Asterion
                  | conjures a destructive force in the name of Makhleb! The
                  | fireball explodes! The fireball engulfs you! The fireball
                  | engulfs Asterion. Asterion dies!
 29114 | Lair:3   | Killed Asterion
 29114 | Lair:3   | Reached skill level 17 in Fighting
 29298 | Snake:1  | Found Ficoun's Assorted Antiques.
 29306 | Snake:1  | Found Raddy's Gadget Shoppe.
 29319 | Snake:1  | Bought a scroll labeled JIZAODDUZU for 33 gold pieces
 29319 | Snake:1  | Bought a runed cloak for 247 gold pieces
 29320 | Snake:1  | Identified an amulet of regeneration (You found it on level
                  | 1 of the Elven Halls)
 29331 | Snake:1  | Identified a +0 cloak of magic resistance (You bought it in
                  | a shop on level 1 of the Snake Pit)
 29333 | Snake:1  | Got an encrusted buckler
 29344 | Snake:1  | Identified the +0 buckler of Fortification {rElec Str+3}
                  | (You acquired it on level 1 of the Snake Pit)
 29456 | Snake:1  | Noticed Aizul
 29458 | Snake:1  | Identified a +0 flail
 29463 | Snake:1  | Identified a +0 scimitar
 29463 | Snake:1  | Identified a +0 robe
 29578 | Snake:1  | Identified a ring of attention (You found it on level 1 of
                  | the Snake Pit)
 29638 | Snake:1  | Reached skill level 13 in Stealth
 29682 | Snake:1  | Found Sufavox's Antique Armour Shop.
 29696 | Snake:1  | Identified a +0 mace
 29709 | Snake:1  | ventricule: ??aizul
 29709 | Snake:1  | beem: aizul[1/1]: A guardian serpent that casts venom bolt,
                  | poison arrow, and sleep. Cannot open doors.
 29731 | Snake:1  | Killed Aizul
 29785 | Snake:1  | Bought a faintly glowing leather armour for 175 gold pieces
 29795 | Snake:1  | Identified the +2 leather armour of Lies {Str+3 Int+7 Dex-4
                  | Slay+2} (You bought it in a shop on level 1 of the Snake
                  | Pit)
 29795 | Snake:1  | Bought a transparent scale mail for 225 gold pieces
 29805 | Snake:1  | Identified the +2 scale mail of Domp {rN+} (You bought it
                  | in a shop on level 1 of the Snake Pit)
 29886 | Snake:1  | Found Rezivyo's Antique Armour Emporium.
 29893 | Snake:1  | Bought a dazzling chain mail for 237 gold pieces
 29903 | Snake:1  | Identified the +8 chain mail "Webelos" {rF+++ rN+ Int-3
                  | Dex+6} (You bought it in a shop on level 1 of the Snake
                  | Pit)
 29979 | Snake:2  | Identified a +0 glaive
 30006 | Snake:2  | Found a stormy altar of Qazlal.
 30070 | Snake:2  | Identified a +0 flail of protection
 30070 | Snake:2  | Identified a +0 robe
 30366 | Snake:2  | Identified a +0 robe
 30366 | Snake:2  | Noticed a nagaraja
 30469 | Snake:2  | Identified a +0 dire flail
 30475 | Snake:2  | Identified a +0 halberd
 30475 | Snake:2  | Identified a +0 robe of magic resistance
 30546 | Snake:2  | Killed a nagaraja
 30918 | Snake:2  | Identified a +3 dagger of venom
 30918 | Snake:2  | Identified a +0 robe
 31084 | Snake:2  | Identified a +0 club
 31568 | Snake:3  | Identified a +0 flail
 31571 | Snake:3  | Identified a +0 short sword
 31571 | Snake:3  | Identified a +0 shield
 31572 | Snake:3  | Identified a +0 halberd
 31572 | Snake:3  | Identified a +0 short sword
 31580 | Snake:3  | Identified a +0 halberd
 31727 | Snake:3  | Reached skill level 5 in Shields
 31847 | Snake:3  | Identified a +0 halberd
 31848 | Snake:3  | Identified a +0 halberd
 31848 | Snake:3  | Identified a +0 dagger of venom
 31848 | Snake:3  | Identified a +0 robe
 31887 | Snake:3  | Identified a +0 war axe
 31887 | Snake:3  | Identified a +0 shortbow
 31887 | Snake:3  | Identified a +0 halberd
 31888 | Snake:3  | Identified a +2 spear of venom
 31888 | Snake:3  | Identified a +4 dagger of venom
 31888 | Snake:3  | Identified a +0 robe
 32932 | Snake:3  | Identified a +0 spear
 32934 | Snake:3  | Identified a +0 trident
 32934 | Snake:3  | Identified a +2 shortbow of flaming
 32940 | Snake:3  | Identified a +0 battleaxe
 32940 | Snake:3  | Identified a +0 war axe
 32940 | Snake:3  | Identified a +0 shortbow of flaming
 32940 | Snake:3  | Identified a +0 dagger of venom
 32940 | Snake:3  | Identified a +0 robe
 32951 | Snake:3  | Identified a +0 halberd
 32989 | Snake:3  | Reached skill level 6 in Armour
 33065 | Snake:3  | Identified a +0 war axe
 33065 | Snake:3  | Identified a +0 arbalest
 33219 | Snake:3  | Identified a +1 dagger of venom
 33219 | Snake:3  | Identified a cursed +0 robe
 33259 | Snake:3  | Identified a +0 flail
 33261 | Snake:3  | Identified a +0 whip
 33272 | Snake:3  | Identified a +0 giant spiked club
 33276 | Snake:3  | Reached XP level 17. HP: 84/118 MP: 17/17
 33277 | Snake:3  | Identified a +0 long sword
 33281 | Snake:3  | Identified a +0 long sword
 33510 | Snake:3  | Identified a +1 glaive of chopping
 33511 | Snake:3  | Identified a +0 scimitar of venom
 33511 | Snake:3  | Identified a +0 robe
 33511 | Snake:3  | Identified a +0 hand axe
 33511 | Snake:3  | Identified a +0 robe
 33652 | Snake:3  | Identified a +0 trident
 33652 | Snake:3  | Identified a +0 longbow
 33652 | Snake:3  | Identified a +0 robe
 33739 | Snake:3  | Identified a +0 halberd
 33768 | Snake:3  | Identified a +0 trident
 33793 | Snake:3  | Identified a +2 hat (You found it on level 3 of the Snake
                  | Pit)
 34239 | Snake:3  | Identified a +0 scimitar
 34239 | Snake:3  | Identified a +0 robe
 34384 | Snake:3  | Identified a +0 mace
 34387 | Snake:3  | Identified a +0 scimitar
 34387 | Snake:3  | Identified a cursed +0 robe
 34388 | Snake:3  | Identified a +0 shortbow of flaming
 34389 | Snake:3  | Identified a +0 glaive
 34389 | Snake:3  | Identified a +0 robe
 34599 | Snake:3  | Reached skill level 19 in Dodging
 34701 | Snake:4  | Entered Level 4 of the Snake Pit
 34701 | Snake:4  | Identified a +0 short sword
 34707 | Snake:4  | Identified a +0 battleaxe
 34707 | Snake:4  | Identified a +0 robe
 34737 | Snake:4  | Identified a +0 battleaxe
 34738 | Snake:4  | Identified a +0 battleaxe
 34744 | Snake:4  | Identified a +0 naga barding
 34745 | Snake:4  | Identified a +0 halberd
 34803 | Snake:4  | Identified a +0 flail
 34803 | Snake:4  | Identified a +0 robe
 34837 | Snake:3  | Identified a +0 morningstar
 34837 | Snake:3  | Identified a +0 robe
 34879 | Snake:4  | Identified a +0 short sword
 34879 | Snake:4  | Identified a +0 longbow
 34879 | Snake:4  | Identified a +0 robe
 34879 | Snake:4  | Identified a +2 mace of draining
 34879 | Snake:4  | Identified a +0 club
 34880 | Snake:4  | Identified a +0 hand axe
 34976 | Snake:4  | Identified a +0 spear
 35033 | Snake:4  | Identified a +0 robe
 35047 | Snake:4  | Identified a +0 spear
 35108 | Snake:4  | Identified a +0 mace
 35108 | Snake:4  | Identified a +0 arbalest
 35109 | Snake:4  | Identified a +3 dagger of venom
 35109 | Snake:4  | Identified a +0 robe
 35139 | Snake:3  | Reached skill level 7 in Armour
 35162 | Snake:4  | Identified a +0 dagger of venom
 35162 | Snake:4  | Identified a cursed +0 robe
 35234 | Snake:4  | Identified a +0 scimitar of venom
 35234 | Snake:4  | Identified a +0 robe
 35306 | Snake:4  | Identified a +0 war axe
 35356 | Snake:4  | Reached skill level 18 in Fighting
 35575 | Snake:4  | Identified a +0 trident
 35575 | Snake:4  | Identified a +0 robe
 35575 | Snake:4  | Identified a cursed +0 glaive
 35575 | Snake:4  | Identified a +0 mace
 35575 | Snake:4  | Identified a +0 dire flail
 35577 | Snake:4  | Identified a +0 scimitar
 35577 | Snake:4  | Identified a +0 arbalest
 35579 | Snake:4  | Identified a +0 spear
 35579 | Snake:4  | Identified a +0 mace
 35761 | Snake:4  | Identified a +0 trident
 35761 | Snake:4  | Identified a +0 arbalest
 35761 | Snake:4  | Identified a +0 robe
 35764 | Snake:4  | Identified a +0 halberd
 35765 | Snake:4  | Identified a +0 war axe
 35765 | Snake:4  | Identified a -2 longbow
 36019 | Snake:4  | Identified a +0 glaive
 36103 | Snake:4  | Identified a +1 battleaxe of electrocution
 36103 | Snake:4  | Identified a +0 arbalest
 36114 | Snake:4  | Reached skill level 1 in Evocations
 36186 | Snake:4  | Identified a +0 scimitar of slicing
 36186 | Snake:4  | Identified a +1 shortbow of velocity
 36189 | Snake:4  | Identified a +3 halberd of freezing
 36189 | Snake:4  | Identified a +0 longbow
 36190 | Snake:4  | Identified a +0 war axe
 36190 | Snake:4  | Identified a +0 robe
 36196 | Snake:4  | Identified a cursed +0 long sword
 36211 | Snake:4  | Received a gift from Trog
 36218 | Snake:4  | Identified a +1 dire flail of crushing
 36218 | Snake:4  | Identified a +0 arbalest
 36218 | Snake:4  | Identified a +0 spear
 36246 | Snake:4  | Identified a +0 whip
 36246 | Snake:4  | Identified a +0 robe
 36249 | Snake:4  | Reached skill level 2 in Evocations
 36253 | Snake:4  | Identified a +3 dagger of venom
 36253 | Snake:4  | Identified a +0 robe
 36254 | Snake:4  | Identified a +0 spear
 36285 | Snake:3  | Identified a +9 quick blade (Trog gifted it to you on level
                  | 4 of the Snake Pit)
 36697 | Snake:3  | Reached skill level 3 in Evocations
 36778 | Snake:4  | Identified a +1 flail of venom
 36822 | Snake:4  | Identified a +0 flail
 36822 | Snake:4  | Identified a +0 robe
 36902 | Snake:4  | Reached skill level 4 in Evocations
 37093 | Snake:4  | Identified a cursed -3 halberd
 37298 | Snake:4  | Identified a +0 flail
 37298 | Snake:4  | Identified a +0 robe
 37298 | Snake:4  | Identified a +0 spear
 37298 | Snake:4  | Identified a +0 robe
 37298 | Snake:4  | Identified a +2 whip of electrocution
 37298 | Snake:4  | Identified a +0 dire flail
 37301 | Snake:4  | Identified a +0 hand axe
 37301 | Snake:4  | Identified a +0 arbalest
 37301 | Snake:4  | Identified a +0 robe
 37301 | Snake:4  | Identified a +0 club
 37305 | Snake:4  | Identified a cursed -3 spear
 37305 | Snake:4  | Identified a +0 short sword
 37305 | Snake:4  | Identified a +0 shortbow
 37318 | Snake:4  | Reached skill level 14 in Stealth
 37768 | Snake:3  | Reached skill level 5 in Evocations
 37903 | Snake:4  | Identified a cursed -1 hand axe
 37987 | Snake:4  | Got a serpentine rune of Zot
 37988 | Snake:4  | ventricule: ??snake_pits
 37988 | Snake:4  | beem: snake pit[1/3]: Accessed from the Lair somewhere
                  | between levels 3 and 6. Four levels deep. The serpentine
                  | rune lies at the bottom, and the nagarajas are renowned for
                  | their charm and hospitality. Half of all games contain this
                  | branch; the others contain {Spider Nest}.
 37988 | Snake:4  | ventricule: ??snake_pits[2]
 37988 | Snake:4  | beem: snake pit[2/3]: In crawl, there are 3 sets of stone
                  | stairs per level. If you descend stone stairs into Snake:4
                  | and end up in the circular vault, look around: there will
                  | be 2 other stairs. If 1 or 0 are stone, that means that
                  | there is at least 1 stone staircase somewhere else not in
                  | the vault. If you take the other stone stairs back up,
                  | finding the third is easy.
 37988 | Snake:4  | ventricule: ??snake_pits[3]
 37988 | Snake:4  | beem: snake pit[3/3]: sorear longs for the good old days
                  | when all three stairs went into the vault, virtually every
                  | time.
 38035 | Snake:4  | Identified a +2 spear of flaming
 38231 | Snake:4  | Reached skill level 6 in Evocations
 38332 | Snake:4  | Identified a +0 halberd
 38332 | Snake:4  | Identified a +0 robe
 38641 | Snake:4  | Identified a +0 flail
 38641 | Snake:4  | Identified a +0 robe
 38797 | Snake:4  | Identified a +1 helmet (You found it on level 4 of the
                  | Snake Pit)
 38821 | Snake:4  | Identified a +0 trident
 38821 | Snake:4  | Identified a +0 arbalest
 38821 | Snake:4  | Identified a +0 robe
 38821 | Snake:4  | Identified a +0 battleaxe
 38821 | Snake:4  | Identified a +0 arbalest
 38822 | Snake:4  | Identified a +0 mace
 38822 | Snake:4  | Identified a +0 shortbow
 38826 | Snake:4  | Identified a +2 glaive of protection
 38826 | Snake:4  | Identified a +2 arbalest of velocity
 38826 | Snake:4  | Identified a +1 naga barding of fire resistance
 38826 | Snake:4  | Noticed Vashnia
 38959 | Snake:4  | Reached XP level 18. HP: 125/125 MP: 23/23
 39007 | Snake:4  | Identified a +0 flail
 39007 | Snake:4  | Identified a +0 arbalest
 39007 | Snake:4  | Identified a +0 robe
 39008 | Snake:4  | Upgraded the game from 0.24.0-1-gfbc8707122 to
                  | 0.24.0-2-g5b39cebb1c
 39010 | Snake:4  | Identified a +0 halberd
 39010 | Snake:4  | Identified a +1 arbalest of flaming
 39010 | Snake:4  | Identified a +0 robe
 39022 | Snake:3  | Identified a potion of ambrosia
 39024 | Snake:3  | ventricule: ??sack_of_spiders
 39024 | Snake:3  | meem: sack of spiders[1/2]: When evoked, generates friendly
                  | spiders and webs. Has a 1 in 3 chance of self-destructing
                  | after use, and a 5 in (10+Evo) chance of having no effect.
                  | The kinds of spiders you get vary with evocations; at
                  | really high evocations you get the occasional ghost moth.
 39024 | Snake:3  | ventricule: ??sack_of_spiders[2]
 39024 | Snake:3  | meem: sack of spiders[2/2]: Probably the best item in the
                  | game.
 39064 | Snake:1  | ventricule: ??box_of_beasts
 39064 | Snake:1  | meem: box of beasts[1/3]: When evoked, generates a mutant
                  | beast, then has a 1 in 3 chance of self-destructing.
 39064 | Snake:1  | ventricule: ??box_of_beasts[2]
 39064 | Snake:1  | meem: mutant beast[1/4]: A combination of two facets ([2])
                  | and a tier ([3]). Found in a box of beasts. Fun for the
                  | whole family!
 39064 | Snake:1  | ventricule: ??box_of_beasts[3]
 39064 | Snake:1  | meem: box of beasts[3/3]: koboldina: when in doubt
                  | koboldina: use pokemon
 39064 | Snake:1  | Bought a lamp of fire for 600 gold pieces
 39064 | Snake:1  | Bought a sack of spiders for 300 gold pieces
 39148 | Shoals:1 | Entered Level 1 of the Shoals
 39148 | Shoals:1 | Identified a +0 spear
 39168 | Shoals:1 | Reached skill level 15 in Stealth
 39169 | Shoals:1 | beem: sack of spiders[1/2]: When evoked, generates friendly
                  | spiders and webs. Has a 1 in 3 chance of self-destructing
                  | after use, and a 5 in (10+Evo) chance of having no effect.
                  | The kinds of spiders you get vary with evocations; at
                  | really high evocations you get the occasional ghost moth.
 39169 | Shoals:1 | beem: sack of spiders[2/2]: Probably the best item in the
                  | game.
 39169 | Shoals:1 | beem: box of beasts[1/3]: When evoked, generates a mutant
                  | beast, then has a 1 in 3 chance of self-destructing.
 39169 | Shoals:1 | beem: mutant beast[1/4]: A combination of two facets ([2])
                  | and a tier ([3]). Found in a box of beasts. Fun for the
                  | whole family!
 39169 | Shoals:1 | beem: box of beasts[3/3]: koboldina: when in doubt
                  | koboldina: use pokemon
 39174 | Shoals:1 | Identified a +0 trident
 39177 | Shoals:1 | Identified a cursed -2 club
 39177 | Shoals:1 | Identified a +0 hunting sling
 39183 | Shoals:1 | Identified a +4 trident of venom
 39183 | Shoals:1 | Identified a +0 leather armour
 39190 | Shoals:1 | Identified a +0 trident
 39190 | Shoals:1 | Identified a +0 spear
 39478 | Shoals:1 | Identified a +0 glaive
 39478 | Shoals:1 | Identified a +0 trident
 39478 | Shoals:1 | Identified a +2 trident of protection
 39478 | Shoals:1 | Identified a +0 leather armour
 39530 | Shoals:1 | Reached skill level 7 in Evocations
 39797 | Shoals:1 | Identified a +0 spear
 39827 | Shoals:1 | Identified a +0 spear
 39827 | Shoals:1 | Identified a +0 hunting sling
 39831 | Shoals:1 | Identified a +0 quarterstaff
 39831 | Shoals:1 | Identified a +0 hunting sling
 39833 | Shoals:1 | Identified a +0 quarterstaff
 39833 | Shoals:1 | Identified a +0 hunting sling
 39962 | Shoals:1 | Identified a +0 shortbow
 40002 | Shoals:1 | Identified a +0 trident
 40086 | Shoals:1 | Identified a +0 trident
 40206 | Shoals:1 | Identified a +0 shortbow
 40468 | Shoals:1 | Identified a ring of intelligence (You found it on level 1
                  | of the Shoals)
 40507 | Shoals:2 | Identified a +0 trident
 40541 | Shoals:2 | Identified a +0 trident
 40601 | Shoals:2 | Identified a +0 spear
 40601 | Shoals:2 | Identified a +0 hunting sling
 40648 | Shoals:2 | Identified a +0 spear
 40648 | Shoals:2 | Identified a +0 fustibalus
 40673 | Shoals:2 | Received a gift from Trog
 40684 | Shoals:2 | Identified a +0 trident
 40687 | Shoals:2 | Identified a +0 shortbow
 40769 | Shoals:2 | Reached ****** piety under Trog
 40817 | Shoals:2 | Identified a +2 vampiric spear
 40817 | Shoals:2 | Identified a +0 leather armour
 40861 | Shoals:2 | Identified a +5 spear of venom
 40861 | Shoals:2 | Identified a +0 leather armour
 40868 | Shoals:2 | Identified a +0 trident
 40868 | Shoals:2 | Identified a +0 trident
 40875 | Shoals:2 | Identified a +0 trident
 41152 | Shoals:2 | Identified a +0 giant club
 41276 | Shoals:2 | Reached skill level 8 in Evocations
 41362 | Shoals:2 | Identified a +0 spear
 41363 | Shoals:2 | Identified a cursed -1 club
 41363 | Shoals:2 | Identified a +0 hunting sling
 41364 | Shoals:2 | Identified a cursed -3 quarterstaff
 41364 | Shoals:2 | Identified a +0 hunting sling
 41387 | Shoals:2 | Identified a +1 quarterstaff of protection
 41387 | Shoals:2 | Identified a +0 hunting sling
 41717 | Shoals:2 | Identified a +4 trident of freezing
 41717 | Shoals:2 | Identified a +0 robe
 41717 | Shoals:2 | Noticed Ilsuiw
 41717 | Shoals:2 | Identified a +0 trident
 41717 | Shoals:2 | Identified a +3 shortbow
 41717 | Shoals:2 | Identified a +0 trident
 41717 | Shoals:2 | Identified a +0 trident
 41846 | Shoals:2 | Identified a +0 trident
 41852 | Shoals:2 | Identified a +0 trident
 41890 | Shoals:2 | Killed Ilsuiw
 42044 | Shoals:3 | Identified a +0 club
 42044 | Shoals:3 | Identified a -3 longbow
 42044 | Shoals:3 | Identified a +0 quarterstaff
 42044 | Shoals:3 | Identified a +0 hunting sling
 42044 | Shoals:3 | Identified a +0 spear
 42044 | Shoals:3 | Identified a +0 hunting sling
 42044 | Shoals:3 | Identified a +0 club
 42044 | Shoals:3 | Identified a +0 hunting sling
 42047 | Shoals:3 | Identified a +0 trident
 42209 | Shoals:3 | Identified a +0 quarterstaff
 42209 | Shoals:3 | Identified a -2 fustibalus
 42221 | Shoals:3 | Identified a +0 spear
 42221 | Shoals:3 | Identified a +0 leather armour
 42222 | Shoals:3 | Identified a +0 trident
 42373 | Shoals:3 | Identified a +2 rapier of speed
 42373 | Shoals:3 | Identified a +0 robe
 42727 | Shoals:3 | Identified a +0 trident
 42935 | Shoals:3 | Received a gift from Trog
 43026 | Shoals:4 | Entered Level 4 of the Shoals
 43031 | Shoals:4 | Identified a +0 trident
 43063 | Shoals:4 | Reached skill level 15 in Short Blades
 43066 | Shoals:4 | Reached skill level 9 in Evocations
 43125 | Shoals:4 | Identified a ring of wizardry (You found it on level 4 of
                  | the Shoals)
 43150 | Shoals:4 | Identified a +0 trident
 43166 | Shoals:4 | Identified a +0 trident
 43167 | Shoals:4 | Identified a +0 spear
 43167 | Shoals:4 | Identified a +0 leather armour
 43167 | Shoals:4 | Identified a cursed -1 trident
 43168 | Shoals:4 | Identified a +0 trident
 43186 | Shoals:3 | Identified a +0 quarterstaff
 43186 | Shoals:3 | Identified a +0 hunting sling
 43186 | Shoals:3 | Identified a +0 club
 43186 | Shoals:3 | Identified a +3 hunting sling
 43190 | Shoals:3 | Identified a +0 spear
 43192 | Shoals:3 | Identified a +0 trident
 43192 | Shoals:3 | Identified a +0 robe
 43962 | Shoals:4 | Identified a +4 rapier of draining
 43962 | Shoals:4 | Identified a cursed +0 robe
 44117 | Shoals:4 | Identified a +0 trident
 44117 | Shoals:4 | Identified a +3 trident
 44117 | Shoals:4 | Identified a +0 trident
 44308 | Shoals:4 | Identified a +0 trident
 44495 | Shoals:4 | Identified a +0 trident
 44595 | Shoals:4 | Identified a +0 trident
 44614 | Shoals:4 | Identified a +1 trident of freezing
 44614 | Shoals:4 | Identified a +0 robe
 44904 | Shoals:4 | Identified a +4 spear of piercing
 44904 | Shoals:4 | Identified a +0 leather armour
 44910 | Shoals:4 | Identified a +0 battleaxe of freezing
 44931 | Shoals:4 | Identified a +0 spear
 44931 | Shoals:4 | Identified a +0 leather armour
 45019 | Shoals:4 | Reached XP level 19. HP: 92/132 MP: 26/26
 45258 | Shoals:4 | Got a barnacled rune of Zot
 45274 | Shoals:4 | Identified a +2 trident of freezing
 45274 | Shoals:4 | Identified a +0 robe
 45278 | Shoals:4 | Identified a +0 spear
 45278 | Shoals:4 | Identified a +0 fustibalus
 45338 | Shoals:4 | Reached skill level 20 in Dodging
 45443 | Shoals:4 | Identified a +2 trident of freezing
 45443 | Shoals:4 | Identified a +0 robe
 45568 | Snake:1  | Bought a sack of spiders for 300 gold pieces
 45568 | Snake:1  | Bought a wand of digging (5) for 270 gold pieces
 45849 | D:13     | Identified a +0 giant club
 45852 | D:13     | Killed Sonja
 45929 | D:13     | Identified a +0 dagger of electrocution
 45929 | D:13     | Identified a +2 robe of fire resistance
 45929 | D:13     | Identified a +0 dagger
 45929 | D:13     | Identified a +0 robe
 45929 | D:13     | Identified a +0 dagger
 45930 | D:13     | Identified a +0 short sword
 45930 | D:13     | Identified a +0 dagger
 45984 | D:13     | Identified a +0 shortbow
 45992 | D:13     | Found a sacrificial altar of Ru.
 45992 | D:13     | Identified a +0 shortbow
 45998 | D:13     | Identified a +0 shortbow
 46000 | D:13     | Identified a +0 dagger
 46000 | D:13     | Identified a +0 mace
 46001 | D:13     | Identified a +0 mace
 46004 | D:13     | Identified a +0 giant club
 46004 | D:13     | Identified a +0 giant club
 46034 | D:13     | Identified a cursed -1 shortbow
 46049 | D:13     | Received a gift from Trog
 46050 | D:13     | Identified a +0 mace
 46050 | D:13     | Identified a +0 leather armour
 46061 | D:13     | Reached skill level 10 in Evocations
 46062 | D:13     | Identified a +0 trident
 46063 | D:13     | Identified a +0 shortbow
 46067 | D:13     | Identified a +0 shortbow
 46067 | D:13     | Identified a +0 longbow
 46081 | D:13     | Identified a +0 flail
 46083 | D:13     | Identified a +0 shortbow
 46083 | D:13     | Identified a +0 shortbow
 46125 | D:13     | Identified a +0 shortbow
 46127 | D:13     | Identified a cursed -2 hand axe
 46127 | D:13     | Identified a +2 leather armour of poison resistance
 46341 | D:13     | Identified a +0 spear
 46344 | D:13     | Identified a +0 longbow
 46352 | D:13     | Identified a +0 shortbow
 46354 | D:13     | Identified a +0 whip
 46354 | D:13     | Identified a +0 shortbow
 46354 | D:13     | Identified a +0 shortbow
 46557 | D:13     | ventricule: ??pierce
 46557 | D:13     | meem: vorpal[1/3]: A weapon brand which increases weapon
                  | damage by 16.7% on average.
 46557 | D:13     | beem: vorpal[1/3]: A weapon brand which increases weapon
                  | damage by 16.7% on average.
 46682 | D:14     | Identified a +0 shortbow
 46706 | D:14     | Identified a +0 flail
 46753 | D:14     | Identified a +0 shortbow
 46753 | D:14     | Identified a cursed -3 trident
 46753 | D:14     | Identified a +0 chain mail
 46755 | D:14     | Identified a +0 club
 46755 | D:14     | Identified a +0 long sword
 46756 | D:14     | Identified a +0 shortbow
 46756 | D:14     | Identified a +0 bardiche
 46756 | D:14     | Identified a cursed +0 chain mail
 46756 | D:14     | Identified a +0 trident
 46756 | D:14     | Identified a +0 plate armour
 46756 | D:14     | Identified a +0 dagger
 46756 | D:14     | Identified a +0 robe
 46761 | D:14     | Identified a +0 shortbow
 46761 | D:14     | Identified a cursed +0 shortbow
 46832 | D:14     | Identified a +0 dagger
 46832 | D:14     | Identified a +0 longbow
 46832 | D:14     | Identified a +0 leather armour
 46964 | D:14     | Found a gate to the Vaults.
 47013 | D:14     | Identified a +0 club
 47013 | D:14     | Identified a +0 ring mail
 47017 | D:14     | Identified a +0 club
 47017 | D:14     | Identified a +0 arbalest
 47028 | D:14     | Identified a +0 scale mail
 47032 | D:14     | Identified a +0 scimitar
 47032 | D:14     | Identified a +0 plate armour
 47032 | D:14     | Identified a +0 dagger
 47032 | D:14     | Identified a +0 robe
 47042 | D:14     | Identified a +0 dagger
 47048 | D:14     | Identified a +0 hand axe
 47074 | D:14     | Identified a +0 mace
 47074 | D:14     | Identified a +0 leather armour
 47086 | D:14     | Noticed Kirke
 47128 | D:14     | Killed Kirke
 47128 | D:14     | Reached skill level 19 in Fighting
 47330 | D:14     | Identified a +0 troll leather armour
 47578 | D:14     | Reached skill level 16 in Short Blades
 47599 | D:14     | Identified a +0 short sword
 47609 | D:14     | Received a gift from Trog
 47666 | D:14     | Identified a scroll of silence
 47875 | D:15     | Entered Level 15 of the Dungeon
 48092 | D:15     | Identified a +0 rapier
 48094 | D:15     | Identified a +0 shortbow of flaming
 48096 | D:15     | Found a staircase to the Depths.
 48682 | Vaults:1 | Entered Level 1 of the Vaults
 48695 | Vaults:1 | Identified a +0 dagger
 48695 | Vaults:1 | Identified a +0 robe
 48708 | Vaults:1 | Identified a +0 shortbow
 48728 | Vaults:1 | Identified a +3 broad axe
 48728 | Vaults:1 | Identified a +0 chain mail
 48780 | Vaults:1 | Reached skill level 11 in Evocations
 48807 | Vaults:1 | Identified +0 fire dragon scales
 48838 | Vaults:1 | Identified a +0 arbalest
 48842 | Vaults:1 | Identified a +0 dire flail
 48842 | Vaults:1 | Identified a cursed -1 arbalest
 48842 | Vaults:1 | Identified a +0 chain mail
 49230 | Vaults:1 | Identified a +0 battleaxe of freezing
 49230 | Vaults:1 | Identified a +0 arbalest
 49232 | Vaults:1 | Identified a +0 arbalest
 49466 | Vaults:1 | Identified a +0 shortbow
 49475 | Vaults:1 | Identified a +0 flail
 49475 | Vaults:1 | Identified a +0 scale mail
 49493 | Vaults:1 | Identified a +4 arbalest
 49493 | Vaults:1 | Identified a +2 dire flail of protection
 49493 | Vaults:1 | Identified a cursed +0 leather armour
 49493 | Vaults:1 | Identified a +0 giant club
 49493 | Vaults:1 | Identified a +0 giant club
 49493 | Vaults:1 | Identified a +0 long sword
 49493 | Vaults:1 | Identified a +0 plate armour
 49494 | Vaults:1 | Identified a cursed -1 halberd
 49494 | Vaults:1 | Identified a +0 chain mail
 49494 | Vaults:1 | Identified a +0 halberd
 49494 | Vaults:1 | Identified a +0 chain mail
 49494 | Vaults:1 | Identified a +0 arbalest
 49515 | Vaults:1 | Identified a +0 arbalest
 49515 | Vaults:1 | Identified a +0 whip of draining
 49515 | Vaults:1 | Identified a +0 robe
 49515 | Vaults:1 | Identified a +0 arbalest
 49515 | Vaults:1 | Identified a +0 robe
 49516 | Vaults:1 | Identified a +0 whip
 49516 | Vaults:1 | Identified a +0 giant club
 49516 | Vaults:1 | Identified a +0 great sword
 49516 | Vaults:1 | Identified a +0 plate armour
 49540 | Vaults:1 | Identified a +0 giant club
 49540 | Vaults:1 | Identified a +0 giant spiked club
 49546 | Vaults:1 | Received a gift from Trog
 49620 | Vaults:1 | Got an ancient dagger {god gift}
 49621 | Vaults:1 | Identified the +9 dagger "Ubla" {venom, *Noise rPois rC+
                  | Dex+2} (Trog gifted it to you on level 1 of the Vaults)
 49724 | Vaults:1 | Identified a +0 club
 49725 | Vaults:1 | Identified a +0 broad axe
 49725 | Vaults:1 | Identified a +0 plate armour
 49796 | Vaults:1 | Identified a ring of dexterity (You found it on level 1 of
                  | the Vaults)
 49989 | Vaults:1 | Identified a +0 arbalest
 50015 | Vaults:1 | Identified a +0 troll leather armour
 50027 | Vaults:1 | Identified a +0 troll leather armour
 50056 | Vaults:1 | Identified a +0 troll leather armour
 50066 | Vaults:1 | Identified a +0 troll leather armour
 50314 | Vaults:1 | Identified a +0 morningstar
 50314 | Vaults:1 | Identified a +0 arbalest
 50314 | Vaults:1 | Identified a +3 leather armour
 50331 | Vaults:1 | Reached XP level 20. HP: 139/139 MP: 28/28
 50355 | Vaults:1 | Identified a +0 giant club
 50363 | Vaults:1 | Identified a +0 giant club
 50381 | Vaults:1 | Identified a cursed -1 morningstar
 50381 | Vaults:1 | Identified a +0 leather armour
 50389 | Vaults:1 | Identified a +0 giant club
 50389 | Vaults:1 | Identified a +0 giant club
 50611 | Vaults:1 | Found Hev Ixos's Food Shop.
 50735 | Vaults:1 | Identified a +0 flail
 50735 | Vaults:1 | Identified a +0 robe
 50756 | Vaults:1 | Reached skill level 8 in Armour
 50764 | Vaults:1 | Identified a +0 falchion
 50764 | Vaults:1 | Identified a +0 scale mail
 51042 | Vaults:2 | Identified a +0 battleaxe of electrocution
 51042 | Vaults:2 | Identified a +2 plate armour of fire resistance
 51042 | Vaults:2 | Identified a +0 great mace
 51042 | Vaults:2 | Identified a +0 ring mail
 51043 | Vaults:2 | Identified a +0 flail
 51043 | Vaults:2 | Identified a +0 leather armour
 51044 | Vaults:2 | Identified a +0 arbalest
 51233 | Vaults:2 | Identified a +0 dagger
 51233 | Vaults:2 | Identified a +0 robe
 51369 | Vaults:2 | Identified a +0 great mace
 51369 | Vaults:2 | Identified a +0 scale mail
 51384 | Vaults:2 | Identified a +0 whip
 51384 | Vaults:2 | Identified a +0 halberd
 51384 | Vaults:2 | Identified a +0 chain mail
 51384 | Vaults:2 | Identified a +0 ring mail
 51388 | Vaults:2 | Identified a +3 great mace
 51388 | Vaults:2 | Identified a +0 plate armour
 51388 | Vaults:2 | Identified a +0 hand axe
 51388 | Vaults:2 | Identified a +0 leather armour
 51395 | Vaults:2 | Identified a +0 mace
 51598 | Vaults:2 | Identified a +0 arbalest
 51600 | Vaults:2 | Identified a +0 arbalest
 51600 | Vaults:2 | Identified a +0 arbalest
 52031 | Vaults:2 | Identified a +0 short sword
 52031 | Vaults:2 | Identified a +0 leather armour
 52055 | Vaults:2 | Identified a +0 war axe of chopping
 52055 | Vaults:2 | Identified a +0 ring mail
 52083 | Vaults:2 | Received a gift from Trog
 52156 | Vaults:2 | Paralysed by a great orb of eyes for 6 turns
 52174 | Vaults:2 | Reached skill level 12 in Evocations
 52352 | Vaults:2 | Identified a +4 quick blade (Trog gifted it to you on level
                  | 2 of the Vaults)
 52379 | Vaults:2 | Identified a +1 dire flail of protection
 52379 | Vaults:2 | Identified a +0 ring mail
 52379 | Vaults:2 | Identified a +0 long sword of slicing
 52379 | Vaults:2 | Identified a +0 plate armour
 52468 | Vaults:2 | Identified a +0 dagger
 52468 | Vaults:2 | Identified a +0 robe
 52797 | Vaults:2 | Identified a +1 great mace
 52797 | Vaults:2 | Identified a +0 chain mail
 52821 | Vaults:2 | Reached skill level 17 in Short Blades
 52971 | Vaults:2 | Identified a +0 arbalest
 52971 | Vaults:2 | Identified a +0 morningstar
 52971 | Vaults:2 | Identified a +0 ring mail
 53019 | Vaults:2 | Identified a +0 war axe
 53019 | Vaults:2 | Identified a +0 arbalest
 53019 | Vaults:2 | Identified a +0 ring mail
 53195 | Vaults:2 | Identified a +0 mace
 53195 | Vaults:2 | Identified a +0 ring mail
 53206 | Vaults:2 | Identified a +0 war axe
 53206 | Vaults:2 | Identified a cursed +0 scale mail
 53303 | Vaults:2 | Found a staircase to the Crypt.
 53303 | Vaults:2 | Found a basalt altar of Yredelemnul.
 53304 | Vaults:2 | Found an ancient bone altar of Kikubaaqudgha.
 53317 | Vaults:2 | Identified a +0 falchion
 53317 | Vaults:2 | Identified a +0 scale mail
 53820 | Vaults:3 | Identified a +0 dagger
 53820 | Vaults:3 | Identified a +0 shortbow
 53820 | Vaults:3 | Identified a +0 leather armour
 53852 | Vaults:3 | ventricule: ??crystal)guardian
 53852 | Vaults:3 | meem: crystal)guardian ~ crystal guardian[1/1]: High AC
                  | non-living monster with strong melee damage. Able to cast
                  | bolt of crystal; this does 3d25 damage resistable by either
                  | rF or rC (determined randomly per-bolt) and can bounce off
                  | any wall type.
 53852 | Vaults:3 | beem: crystal)guardian ~ crystal guardian[1/1]: High AC
                  | non-living monster with strong melee damage. Able to cast
                  | bolt of crystal; this does 3d25 damage resistable by either
                  | rF or rC (determined randomly per-bolt) and can bounce off
                  | any wall type.
 53932 | Vaults:3 | Identified a +0 arbalest
 53941 | Vaults:3 | Identified a cursed -3 arbalest
 53965 | Vaults:3 | Identified a +0 arbalest
 54159 | Vaults:3 | Identified a +0 war axe
 54159 | Vaults:3 | Identified a +0 plate armour
 54160 | Vaults:3 | Identified a +0 great mace
 54160 | Vaults:3 | Identified a +0 plate armour
 54242 | Vaults:3 | Identified a cursed +0 glaive
 54242 | Vaults:3 | Identified a +0 plate armour
 54264 | Vaults:3 | Identified a +0 mace
 54264 | Vaults:3 | Identified a cursed +0 chain mail
 54622 | Vaults:3 | Identified a +0 whip
 54622 | Vaults:3 | Identified a +0 robe
 54622 | Vaults:3 | Identified a +0 giant club
 54622 | Vaults:3 | Identified a +0 giant spiked club
 54639 | Vaults:3 | Identified a +0 morningstar
 54639 | Vaults:3 | Identified a +0 ring mail
 54642 | Vaults:3 | Identified a +0 battleaxe
 54642 | Vaults:3 | Identified a +2 plate armour of positive energy
 54644 | Vaults:3 | Identified a +1 war axe
 54644 | Vaults:3 | Identified a +0 plate armour
 54644 | Vaults:3 | Identified a +0 shield
 54653 | Vaults:3 | Identified a +0 dagger
 54653 | Vaults:3 | Identified a +0 robe
 54653 | Vaults:3 | Identified a +0 giant club
 54654 | Vaults:3 | Identified a +2 arbalest of flaming
 54654 | Vaults:3 | Identified a +0 morningstar
 54654 | Vaults:3 | Identified a +0 scale mail
 54800 | Vaults:3 | Reached skill level 21 in Dodging
 54945 | Vaults:3 | Identified a +0 dire flail
 54945 | Vaults:3 | Identified a +0 ring mail
 54946 | Vaults:3 | Identified a +0 dire flail
 54946 | Vaults:3 | Identified a +0 dire flail
 55252 | Vaults:3 | Identified a +0 falchion
 55252 | Vaults:3 | Identified a +0 scale mail
 55448 | Vaults:3 | Identified a +0 dagger
 55448 | Vaults:3 | Identified a +0 chain mail
 55449 | Vaults:3 | Identified a +0 arbalest
 55449 | Vaults:3 | Identified a +0 longbow
 55449 | Vaults:3 | Identified a +0 dagger
 55449 | Vaults:3 | Identified a +0 leather armour
 55537 | Vaults:3 | Identified a cursed -1 longbow
 55665 | Vaults:3 | Identified a +0 dagger
 55665 | Vaults:3 | Identified a +0 robe
 55671 | Vaults:3 | Identified a +2 flail of protection
 55679 | Vaults:3 | Identified a cursed +0 rapier
 55736 | Vaults:3 | Identified a +0 scimitar
 55895 | Vaults:3 | Identified a +0 long sword
 55895 | Vaults:3 | Identified a +0 plate armour
 55898 | Vaults:3 | Identified a +0 club
 55898 | Vaults:3 | Identified a +0 leather armour
 55899 | Vaults:3 | Identified a +0 dire flail
 55899 | Vaults:3 | Identified a +0 plate armour
 55899 | Vaults:3 | Identified a +0 hand axe
 55899 | Vaults:3 | Identified a cursed +0 chain mail
 55899 | Vaults:3 | Identified a +0 halberd
 55899 | Vaults:3 | Identified a +0 chain mail
 55899 | Vaults:3 | Identified a cursed -1 battleaxe
 55899 | Vaults:3 | Identified a +0 plate armour
 55900 | Vaults:3 | Identified a +0 flail
 55985 | Vaults:3 | Identified a +0 mace
 55985 | Vaults:3 | Identified a +0 leather armour
 55987 | Vaults:3 | Identified a +0 hand axe
 55987 | Vaults:3 | Identified a +0 plate armour
 55988 | Vaults:3 | Identified a +0 short sword
 55988 | Vaults:3 | Identified a +0 chain mail
 55994 | Vaults:3 | Identified a +0 leather armour
 55996 | Vaults:3 | Identified a +0 halberd
 55996 | Vaults:3 | Identified a +0 chain mail
 55998 | Vaults:3 | Identified a +0 glaive
 55998 | Vaults:3 | Identified a +0 chain mail
 56232 | Vaults:3 | Identified a +0 dire flail
 56232 | Vaults:3 | Identified a +0 plate armour
 56237 | Vaults:3 | Identified a +3 great sword of draining
 56237 | Vaults:3 | Identified a cursed -1 chain mail
 56271 | Vaults:3 | Identified a +1 battleaxe
 56271 | Vaults:3 | Identified a +0 chain mail
 56277 | Vaults:3 | Identified a +0 dire flail
 56277 | Vaults:3 | Identified a +0 leather armour of magic resistance
 56293 | Vaults:3 | Reached XP level 21. HP: 114/145 MP: 30/30
 56446 | Vaults:3 | Identified a +0 arbalest
 56529 | Vaults:3 | Found Kotuf's Book Shop.
 56562 | Vaults:3 | Identified a +0 arbalest
 56562 | Vaults:3 | Identified a +0 battleaxe
 56562 | Vaults:3 | Identified a +0 chain mail
 56564 | Vaults:3 | Identified a +0 morningstar
 56564 | Vaults:3 | Identified a +0 ring mail
 56576 | Vaults:3 | Identified a +0 morningstar
 56576 | Vaults:3 | Identified a +0 scale mail
 56643 | Vaults:3 | Reached skill level 16 in Stealth
 56725 | Vaults:3 | Reached skill level 9 in Armour
 56897 | Vaults:3 | Identified a +0 flail
 56897 | Vaults:3 | Identified a +0 longbow
 56897 | Vaults:3 | Identified a cursed +0 leather armour
 56898 | Vaults:3 | Identified a +0 rapier
 56898 | Vaults:3 | Identified a +0 leather armour
 56906 | Vaults:3 | Identified a +1 war axe
 56906 | Vaults:3 | Identified a +0 arbalest
 56906 | Vaults:3 | Identified a +0 plate armour
 56909 | Vaults:3 | Identified a +2 battleaxe
 56909 | Vaults:3 | Identified a +0 chain mail
 56913 | Vaults:3 | Identified a +0 dagger
 56913 | Vaults:3 | Identified a +2 vampiric battleaxe
 56913 | Vaults:3 | Identified a +0 chain mail
 56918 | Vaults:3 | Identified a +0 flail
 56921 | Vaults:3 | Identified a +0 great sword
 56921 | Vaults:3 | Identified a +0 plate armour
 56942 | Vaults:3 | Identified a +0 dire flail
 56942 | Vaults:3 | Identified a +0 plate armour
 56968 | Vaults:3 | Identified a +0 great mace
 56968 | Vaults:3 | Identified a +0 ring mail
 56968 | Vaults:3 | Identified a +1 short sword of venom
 57057 | Vaults:3 | Identified a +0 scale mail
 57382 | Vaults:3 | Identified a +0 dagger
 57382 | Vaults:3 | Identified a +0 robe
 57442 | Vaults:3 | Identified a +0 short sword
 57444 | Vaults:3 | Identified a +0 giant spiked club
 57445 | Vaults:3 | Identified a +0 giant club
 57445 | Vaults:3 | Identified a +0 giant club
 57535 | Vaults:3 | Found a portal to a secret trove of treasure.
 57624 | Vaults:4 | Identified a +0 long sword of holy wrath
 57624 | Vaults:4 | Identified a +0 chain mail
 57625 | Vaults:4 | Identified a +0 great sword
 57625 | Vaults:4 | Identified a +0 ring mail
 57627 | Vaults:4 | Identified a +0 war axe
 57627 | Vaults:4 | Identified a +0 plate armour
 57637 | Vaults:4 | Identified a +0 short sword
 57637 | Vaults:4 | Identified a +0 longbow
 57637 | Vaults:4 | Identified a +0 leather armour
 57649 | Vaults:4 | Identified a +0 falchion
 57649 | Vaults:4 | Identified a +0 scale mail
 57652 | Vaults:4 | Identified a +0 spear
 57652 | Vaults:4 | Identified a +0 robe
 57656 | Vaults:4 | Identified a +0 battleaxe
 57656 | Vaults:4 | Identified a cursed +0 ring mail
 57657 | Vaults:4 | Identified a +0 shortbow
 57753 | Vaults:4 | Identified a +0 morningstar
 57753 | Vaults:4 | Identified a +0 scale mail
 57887 | Vaults:4 | Identified +0 shadow dragon scales
 57887 | Vaults:4 | Reached skill level 13 in Evocations
 57912 | Vaults:4 | ventricule: ??shadow_dragon_dcales
 57912 | Vaults:4 | meem: shadow dragon dcales ~ shadow dragon scales[1/1]:
                  | 10AC, 15 ER, Stlth++++ (Stlth+ compared to robes).
                  | Sometimes dropped by a {shadow dragon} when it dies.
 57912 | Vaults:4 | beem: shadow dragon dcales ~ shadow dragon scales[1/1]:
                  | 10AC, 15 ER, Stlth++++ (Stlth+ compared to robes).
                  | Sometimes dropped by a {shadow dragon} when it dies.
 58018 | Vaults:4 | Identified a +0 arbalest
 58022 | Vaults:4 | Identified a +0 arbalest
 58023 | Vaults:4 | Identified a +4 dire flail of holy wrath
 58023 | Vaults:4 | Identified a +0 plate armour
 58023 | Vaults:4 | Identified a cursed -1 arbalest
 58076 | Vaults:4 | Reached skill level 20 in Fighting
 58275 | Vaults:4 | Identified a +0 arbalest
 58284 | Vaults:4 | Identified a +0 arbalest
 58285 | Vaults:4 | Identified a +0 arbalest
 58285 | Vaults:4 | Identified a +0 robe
 58291 | Vaults:4 | Identified a +0 arbalest
 58329 | Vaults:4 | Identified a +0 flail
 58329 | Vaults:4 | Identified a +0 ring mail
 58340 | Vaults:4 | Identified a cursed -2 giant club
 58341 | Vaults:4 | Identified a +0 flail
 58341 | Vaults:4 | Identified a +0 robe
 58342 | Vaults:4 | Identified a +0 giant spiked club
 58342 | Vaults:4 | Identified a +0 giant spiked club
 58342 | Vaults:4 | Identified a +0 giant spiked club
 58342 | Vaults:4 | Identified a +0 giant club
 58555 | Vaults:4 | Identified a +0 glaive
 58555 | Vaults:4 | Identified a +0 chain mail
 58555 | Vaults:4 | Identified a +0 great mace
 58555 | Vaults:4 | Identified a +0 leather armour
 58555 | Vaults:4 | Identified a +0 morningstar
 58555 | Vaults:4 | Identified a +0 ring mail
 58555 | Vaults:4 | Identified a +0 broad axe
 58555 | Vaults:4 | Identified a +1 plate armour of fire resistance
 58555 | Vaults:4 | Identified a +0 great sword
 58555 | Vaults:4 | Identified a +0 plate armour
 58684 | Vaults:4 | Identified a +0 glaive
 58684 | Vaults:4 | Identified a cursed -2 chain mail
 58739 | Vaults:4 | Identified a potion of berserk rage
 58836 | Vaults:4 | Identified a +3 dire flail
 58836 | Vaults:4 | Identified a +0 ring mail
 58836 | Vaults:4 | Identified a +0 dire flail of holy wrath
 58836 | Vaults:4 | Identified a +0 chain mail
 58837 | Vaults:4 | Identified a +0 scimitar
 58837 | Vaults:4 | Identified a +0 scale mail
 58847 | Vaults:4 | Identified a +0 spear of freezing
 58847 | Vaults:4 | Identified a +0 robe
 58848 | Vaults:4 | Identified a +2 scimitar of holy wrath
 58848 | Vaults:4 | Identified a +0 chain mail of magic resistance
 58889 | Vaults:4 | HP: 28/146 [ogre mage/bolt of fire (17)]
 58892 | Vaults:4 | Noticed an entropy weaver
 58894 | Vaults:4 | Killed an entropy weaver
 58898 | Vaults:4 | Received a gift from Trog
 58918 | Vaults:4 | Identified a +0 morningstar of crushing
 58918 | Vaults:4 | Identified a +0 ring mail
 58922 | Vaults:4 | Identified a +10 antimagic quick blade (Trog gifted it to
                  | you on level 4 of the Vaults)
 59019 | Vaults:4 | Identified a +0 arbalest
 59125 | Vaults:4 | Identified a +0 war axe
 59125 | Vaults:4 | Identified a +0 plate armour
 59307 | Vaults:4 | Identified a +2 great sword of holy wrath
 59307 | Vaults:4 | Identified a +0 chain mail
 59406 | Vaults:4 | Identified a +0 dagger
 59406 | Vaults:4 | Identified a +0 robe
 59482 | Vaults:4 | Identified a +0 arbalest
 59493 | Vaults:4 | Identified a +2 long sword
 59493 | Vaults:4 | Identified a +0 chain mail
 59493 | Vaults:4 | Identified a +0 large shield
 59827 | Vaults:4 | Reached skill level 18 in Short Blades
 59905 | Vaults:4 | Identified a +0 arbalest
 59906 | Vaults:4 | Identified a +3 bardiche
 59906 | Vaults:4 | Identified a +0 plate armour
 59939 | Vaults:4 | Identified the +3 plate armour of the Thistle {MR+ Dex-4
                  | SInv} (You acquired it on level 4 of the Vaults)
 60008 | Vaults:5 | Entered Level 5 of the Vaults
 60008 | Vaults:5 | Identified a cursed -1 bardiche
 60008 | Vaults:5 | Identified a cursed +0 plate armour
 60008 | Vaults:5 | Identified a +0 glaive
 60008 | Vaults:5 | Identified a +0 plate armour
 60008 | Vaults:5 | Identified a +2 long sword of protection
 60008 | Vaults:5 | Identified a +0 plate armour
 60008 | Vaults:5 | Identified a +0 large shield
 60008 | Vaults:5 | Identified a +0 great sword of electrocution
 60008 | Vaults:5 | Identified a +0 chain mail
 60008 | Vaults:5 | Identified a +0 war axe
 60008 | Vaults:5 | Identified a +0 plate armour
 60008 | Vaults:5 | Identified a +1 great sword of flaming
 60008 | Vaults:5 | Identified a +0 plate armour
 60008 | Vaults:5 | Identified a +4 great sword
 60008 | Vaults:5 | Identified a +0 chain mail
 60008 | Vaults:5 | Identified a +0 war axe
 60008 | Vaults:5 | Identified a +0 chain mail
 60008 | Vaults:5 | Identified a +0 shield
 60008 | Vaults:5 | Identified a +0 long sword
 60008 | Vaults:5 | Identified a +0 chain mail
 60008 | Vaults:5 | Identified a +0 great sword
 60008 | Vaults:5 | Identified a +0 plate armour
 60008 | Vaults:5 | Identified a +0 battleaxe
 60008 | Vaults:5 | Identified a +0 plate armour
 60008 | Vaults:5 | Identified a +0 great sword
 60008 | Vaults:5 | Identified a +0 chain mail
 60008 | Vaults:5 | Identified a +1 bardiche of flaming
 60008 | Vaults:5 | Identified a +0 plate armour
 60008 | Vaults:5 | Identified a +3 war axe
 60008 | Vaults:5 | Identified a +0 chain mail
 60008 | Vaults:5 | Identified a +0 battleaxe
 60008 | Vaults:5 | Identified a +0 plate armour
 60008 | Vaults:5 | Identified a +2 long sword
 60008 | Vaults:5 | Identified a +0 plate armour
 60008 | Vaults:5 | Identified a +0 great mace
 60008 | Vaults:5 | Identified a +0 chain mail
 60008 | Vaults:5 | Identified a +0 long sword
 60008 | Vaults:5 | Identified a +0 chain mail
 60008 | Vaults:5 | Identified a +0 battleaxe
 60008 | Vaults:5 | Identified a +0 chain mail
 60008 | Vaults:5 | Identified a +0 great sword
 60008 | Vaults:5 | Identified a +0 plate armour
 60008 | Vaults:5 | Identified a +3 broad axe of distortion
 60008 | Vaults:5 | Identified a +0 plate armour
 60008 | Vaults:5 | Identified a +0 great mace
 60008 | Vaults:5 | Identified a +0 chain mail
 60008 | Vaults:5 | Identified a +0 great sword
 60008 | Vaults:5 | Identified a +0 plate armour
 60008 | Vaults:5 | Identified a +0 war axe
 60008 | Vaults:5 | Identified a +0 plate armour
 60008 | Vaults:5 | Identified a +0 great mace
 60008 | Vaults:5 | Identified a +0 dire flail
 60008 | Vaults:5 | Identified a +0 war axe
 60008 | Vaults:5 | Identified a +0 plate armour
 60008 | Vaults:5 | Identified a +0 dagger
 60008 | Vaults:5 | Identified a +1 robe of cold resistance
 60008 | Vaults:5 | Identified a +0 hand axe
 60010 | Vaults:5 | Identified a +0 trident
 60010 | Vaults:5 | Identified a +0 plate armour
 60104 | Vaults:5 | Identified a +0 war axe
 60104 | Vaults:5 | Identified a +0 plate armour
 60104 | Vaults:5 | Identified a +1 long sword
 60104 | Vaults:5 | Identified a +3 scale mail of fire resistance
 60104 | Vaults:5 | Identified a +0 buckler
 60105 | Vaults:5 | Identified a +0 great sword of slicing
 60105 | Vaults:5 | Identified a +0 scale mail
 60117 | Vaults:5 | Identified a +2 great sword of flaming
 60118 | Vaults:5 | Identified a +0 long sword
 60118 | Vaults:5 | Identified a +0 longbow
 60118 | Vaults:5 | Identified a +0 arbalest
 60118 | Vaults:5 | Identified a +0 dire flail
 60118 | Vaults:5 | Identified a +0 dire flail
 60119 | Vaults:5 | Identified a cursed +0 flail
 60119 | Vaults:5 | Identified a +0 ring mail
 60119 | Vaults:5 | Identified a +1 battleaxe of freezing
 60119 | Vaults:5 | Identified a +0 flail
 60132 | Vaults:5 | Identified a +0 great mace of protection
 60132 | Vaults:5 | Identified a +0 scale mail
 60135 | Vaults:5 | Identified a +0 long sword
 60135 | Vaults:5 | Identified a +2 great sword of venom
 60135 | Vaults:5 | Identified a +0 scale mail
 60135 | Vaults:5 | Identified a +0 great sword of flaming
 60135 | Vaults:5 | Identified a +0 mace
 60135 | Vaults:5 | Identified a +0 ring mail
 60135 | Vaults:5 | Identified a +0 arbalest
 60146 | Vaults:5 | Identified a +0 short sword
 60146 | Vaults:5 | Identified a +1 leather armour of poison resistance
 60146 | Vaults:5 | Identified a +0 buckler
 60146 | Vaults:5 | Identified a cursed -3 rapier
 60146 | Vaults:5 | Identified a +0 chain mail
 60147 | Vaults:5 | Identified a +0 morningstar
 60147 | Vaults:5 | Identified a +0 leather armour
 60150 | Vaults:5 | Identified a +0 long sword
 60150 | Vaults:5 | Identified a +0 scale mail
 60152 | Vaults:5 | Identified a +0 arbalest
 60155 | Vaults:5 | Identified a +0 arbalest
 60158 | Vaults:5 | HP: 10/146 [white ugly thing (34)]
 60161 | Vaults:5 | Identified a +0 long sword
 60161 | Vaults:5 | Noticed a deep elf demonologist
 60161 | Vaults:5 | Identified a +0 rapier
 60161 | Vaults:5 | Identified a +0 leather armour
 60161 | Vaults:5 | Identified a +0 mace
 60161 | Vaults:5 | Identified a cursed +0 leather armour
 60161 | Vaults:5 | Identified a +0 arbalest
 60161 | Vaults:5 | Identified a +0 battleaxe
 60161 | Vaults:5 | Identified a +0 plate armour
 60161 | Vaults:5 | Identified a +3 dire flail of protection
 60161 | Vaults:5 | Identified a +0 chain mail
 60162 | Vaults:5 | Identified a +4 whip of venom
 60165 | Vaults:5 | Identified a +0 long sword of protection
 60165 | Vaults:5 | Identified a +0 ring mail
 60169 | Vaults:5 | HP: 34/146 [lorocyproca[a deep elf demonologist] (25)]
 60183 | Vaults:5 | Killed a deep elf demonologist
 60201 | Vaults:5 | Identified a +0 great mace
 60201 | Vaults:5 | Identified a +0 ring mail
 60215 | Vaults:5 | Reached XP level 22. HP: 57/152 MP: 1/32
 60218 | Vaults:5 | Reached skill level 17 in Stealth
 60224 | Vaults:5 | Identified a +0 great mace
 60224 | Vaults:5 | Identified a +0 ring mail
 60490 | Vaults:5 | Identified the +0 chain mail "Rijah" {rN+ Dex+5 Slay+2}
                  | (You found it on level 5 of the Vaults)
 60553 | Vaults:5 | Identified the +8 battleaxe "Kobold's Death" {venom, MR+
                  | Dex+4}
 60696 | Vaults:5 | Identified a +0 battleaxe of freezing
 60763 | Vaults:5 | Identified a +0 dire flail
 60985 | Vaults:5 | Identified a ring of fire (You found it on level 5 of the
                  | Vaults)
 61157 | Vaults:5 | Identified a +0 long sword
 61157 | Vaults:5 | Identified a +0 arbalest
 61157 | Vaults:5 | Identified a +0 scale mail
 61278 | Vaults:5 | Identified a +2 arbalest of freezing
 61297 | Vaults:5 | Identified a +1 broad axe
 61297 | Vaults:5 | Identified a +0 scale mail
 61297 | Vaults:5 | Identified a +0 buckler
 61365 | Vaults:5 | Identified a +0 giant spiked club
 61365 | Vaults:5 | Identified a +0 giant club
 61366 | Vaults:5 | Identified a +0 morningstar
 61366 | Vaults:5 | Identified a +0 ring mail
 61419 | Vaults:5 | Received a gift from Trog
 61444 | Vaults:5 | Identified a +0 giant club
 61444 | Vaults:5 | Identified a +0 giant spiked club
 61462 | Vaults:5 | Reached skill level 10 in Armour
 61478 | Vaults:5 | Identified a +0 great mace
 61478 | Vaults:5 | Identified a +0 giant club
 61487 | Vaults:5 | Identified a +0 giant spiked club
 61492 | Vaults:5 | Identified the cursed +0 hand axe of Theory {speed, rPois
                  | MP-9 Int+5}
 61492 | Vaults:5 | Identified a +0 ring mail
 61492 | Vaults:5 | Noticed a deep elf demonologist
 61494 | Vaults:5 | Killed a deep elf demonologist
 61494 | Vaults:5 | Reached skill level 14 in Evocations
 61524 | Vaults:5 | Identified a +0 war axe
 61524 | Vaults:5 | Identified a +0 robe
 61549 | Vaults:5 | Identified a +2 plate armour of magic resistance
 61579 | Vaults:5 | Noticed an ancient lich
 61615 | Vaults:5 | Killed an ancient lich
 61699 | Vaults:5 | Identified a +0 war axe
 61699 | Vaults:5 | Identified a +0 scale mail
 61699 | Vaults:5 | Identified a +0 morningstar
 61699 | Vaults:5 | Identified a +0 ring mail
 61699 | Vaults:5 | Identified an uncursed ring of protection from cold
 61761 | Vaults:5 | Identified a +0 giant club
 61763 | Vaults:5 | Identified a +0 morningstar
 61763 | Vaults:5 | Identified a +0 scale mail
 61763 | Vaults:5 | Identified a +0 great sword
 61763 | Vaults:5 | Identified a +0 hunting sling
 61763 | Vaults:5 | Identified a +0 plate armour
 61763 | Vaults:5 | Identified a +0 glaive
 61763 | Vaults:5 | Identified a +0 plate armour
 61763 | Vaults:5 | Identified the +10 mace of Defilement {crush, rF++ Str-2}
 61763 | Vaults:5 | Identified a +0 plate armour
 61763 | Vaults:5 | Identified a +2 halberd of holy wrath
 61763 | Vaults:5 | Identified a +0 chain mail
 61799 | Vaults:5 | Identified a +0 glaive
 61799 | Vaults:5 | Identified a +0 leather armour of cold resistance
 61921 | Vaults:5 | Identified a cursed -2 war axe
 61921 | Vaults:5 | Identified a +0 scale mail
 62070 | Vaults:5 | Identified a +0 dire flail
 62070 | Vaults:5 | Identified a +0 dire flail
 62123 | Vaults:5 | Identified a +0 great sword
 62123 | Vaults:5 | Identified a +0 ring mail
 62123 | Vaults:5 | Identified a +0 arbalest
 62138 | Vaults:5 | HP: 36/153 [titan/bolt of lightning (11)]
 62139 | Vaults:5 | Slain by a titan

Table legend:
 A = Turns spent in this place as a percentage of turns spent in the entire game.
 B = Non-inter-level travel turns spent in this place as a percentage of non-inter-level travel turns spent in the entire game.
 C = Inter-level travel turns spent in this place as a percentage of turns spent in this place.
 D = Turns resting spent in this place as a percentage of non-inter-level travel turns spent in this place.
 E = Turns spent auto-exploring this place as a percentage of non-inter-level travel turns spent in this place.
 F = Non-inter-level travel turns spent in this place divided by the number of levels of this place that you've seen.
                   A       B       C       D       E      F
               +-------+-------+-------+-------+-------+----------------------
         Total | 100.0 | 100.0 |   4.1 |  33.8 |  32.5 | 1609.8
       Dungeon |  26.5 |  26.2 |   5.5 |  23.8 |  48.2 | 1039.5
          Lair |  18.2 |  17.8 |   6.7 |  36.9 |  36.0 | 1763.0
        Shoals |  10.2 |  10.4 |   2.6 |  34.4 |  21.0 | 1543.5
     Snake Pit |  16.3 |  16.3 |   3.9 |  46.9 |  20.4 | 2426.5
  Orcish Mines |   4.3 |   4.3 |   3.4 |  38.2 |  32.2 | 1286.0
   Elven Halls |   2.8 |   2.7 |   8.0 |  31.1 |  33.4 | 1614.0
        Vaults |  21.7 |  22.4 |   1.0 |  32.5 |  25.5 | 2665.6
               +-------+-------+-------+-------+-------+----------------------

Table legend:
 A = Kills in this place as a percentage of kills in entire the game.
 B = Kills by you in this place as a percentage of kills by you in the entire game.
 C = Kills by friends in this place as a percentage of kills by friends in the entire game.
 D = Other kills in this place as a percentage of other kills in the entire game.
 E = Experience gained in this place as a percentage of experience gained in the entire game.
 F = Experience gained in this place divided by the number of levels of this place that you have seen.
                   A       B       C       D       E      F
               +-------+-------+-------+-------+-------+----------------------
         Total | 100.0 | 100.0 | 100.0 | 100.0 | 100.0 | 15489.5
       Dungeon |  33.0 |  33.0 |  36.4 |   0.0 |  11.0 | 4218.0
          Lair |  13.0 |  13.1 |   9.1 |   0.0 |  10.1 | 9669.2
        Shoals |   9.0 |   8.8 |  18.2 |  25.0 |  11.2 | 15993.8
     Snake Pit |  10.8 |  11.0 |   3.0 |   0.0 |  15.1 | 21670.8
  Orcish Mines |   6.8 |   6.7 |  12.1 |   0.0 |   2.2 | 6385.0
   Elven Halls |   2.5 |   2.5 |   3.0 |   0.0 |   4.1 | 23288.0
        Vaults |  24.8 |  24.8 |  18.2 |  75.0 |  46.3 | 53021.8
               +-------+-------+-------+-------+-------+----------------------

Skill      XL: |  1  2  3  4  5  6  7  8  9 10 11 12 13 14 15 16 17 18 19 20 21 22 |
---------------+-------------------------------------------------------------------+-----
Short Blades   | 5 6 7 8 9 10 12 14 15 16 17 18 | 18.7
Stealth        | 2 5 8 10 12 13 14 15 16 17 | 17.7
Armour         | 2 4 5 6 7 8 9 10 | 10.3
Dodging        | 3 5 7 9 12 13 14 16 17 18 19 20 21 | 21.9
Fighting       | 4 5 7 9 11 12 14 15 16 17 18 19 20 | 20.6
Shields        | 4 5 |  5.6
Evocations     | 6 9 11 12 13 14 | 14.3

Action                   |  1- 3 |  4- 6 |  7- 9 | 10-12 | 13-15 | 16-18 | 19-21 | 22-24 || total
-------------------------+-------+-------+-------+-------+-------+-------+-------+-------++-------
Melee: Short sword       |   107 |   179 |     9 |   344 |  1740 |       |       |       ||  2379
       Dagger            |       |       |   323 |   629 |   121 |     1 |    31 |       ||  1105
       Rapier            |       |       |       |       |    95 |    99 |       |       ||   194
       Quick blade       |       |       |       |       |    57 |  3338 |  4435 |   961 ||  8791
Throw: Stone             |       |     3 |     2 |       |       |       |       |       ||     5
       Dart              |       |       |       |       |     7 |       |     3 |       ||    10
Invok: Berserk           |     5 |     9 |    16 |    32 |    33 |    13 |     1 |       ||   109
       Trog's Hand       |       |     1 |       |     1 |     6 |     8 |     6 |     7 ||    29
       Brothers in Arms  |       |       |       |     2 |     4 |     7 |     3 |       ||    16
Evoke: Wand              |       |       |       |     1 |     4 |       |     5 |     1 ||    11
       Sack of spiders   |       |       |       |       |       |     2 |     1 |       ||     3
       Lamp of fire      |       |       |       |       |       |     1 |     3 |       ||     4
  Use: Scroll            |       |     4 |     4 |    12 |     8 |    10 |    16 |     2 ||    56
       Potion            |       |       |       |       |     1 |     3 |     9 |     5 ||    18
 Stab: Sleeping          |       |       |    15 |    21 |    27 |    18 |    34 |       ||   115
       Invisible         |       |       |       |       |     1 |       |       |       ||     1
       Distracted        |       |       |       |       |     6 |     7 |    10 |     5 ||    28
       Paralysed         |       |       |       |       |     1 |       |       |       ||     1
       Held in net/web   |       |       |       |       |       |       |     1 |       ||     1
  Eat: Chunk             |    13 |    11 |    32 |    53 |    81 |    37 |    54 |     4 ||   285
       Ration            |       |       |       |       |       |    18 |       |       ||    18
Armor: Animal skin       |     7 |    18 |    13 |       |       |       |       |       ||    38
       Scale mail        |       |       |     8 |   157 |     8 |       |       |       ||   173
       Robe              |       |       |       |       |   116 |    13 |       |       ||   129
       Chain mail        |       |       |       |       |       |   248 |   288 |       ||   536
       Shadow dragon sca |       |       |       |       |       |       |    58 |    80 ||   138
Dodge: Dodged            |    77 |   125 |   176 |   470 |  1196 |  1599 |  1667 |   254 ||  5564
Block: Buckler           |       |       |       |    25 |   409 |   596 |   629 |    89 ||  1748

Vanquished Creatures
  An ancient lich (Vaults:5)
  Rupert (Lair:5)
  Asterion (Lair:3)
  A titan (Vaults:5)
  Frances (Elf:1)
  4 sphinxes
  5 tengu reavers
  Kirke (D:14)
  3 shadow dragons
  6 nagarajas
  2 frost giants
  A fire giant (Vaults:5)
  2 deep elf sorcerers (Elf:1)
  17 vault wardens
  Aizul (Snake:1)
  4 stone giants
  3 very ugly things (Vaults:5)
  16 ironheart preservers
  A war gargoyle (Vaults:5)
  An entropy weaver (Vaults:4)
  2 deep elf demonologists (Vaults:5)
  A dire elephant (D:15)
  A deep elf annihilator (Vaults:5)
  4 merfolk impalers
  An ettin (Vaults:3)
  A crystal guardian (Vaults:3)
  5 merfolk javelineers
  A deep elf death mage (Vaults:5)
  Josephine (Lair:5)
  A deep elf high priest (Elf:1)
  2 fire dragons
  6 ogre magi
  11 yaktaur captains
  3 ice dragons
  Harold (Lair:1)
  Fannar (D:11)
  26 vault guards
  6 hydras
  2 great orbs of eyes
  2 death knights
  Erica (Orc:1)
  3 anacondas
  A merfolk avatar (Shoals:3)
  11 naga warriors
  9 centaur warriors
  3 catoblepae (Lair:6)
  4 satyrs
  A merfolk aquamancer (Shoals:3)
  2 dancing weapons (Elf:1)
  11 two-headed ogres
  A deep troll shaman (Vaults:1)
  6 death yaks (Lair:6)
  14 naga sharpshooters
  6 shock serpents
  An orc high priest (Elf:1)
  4 deep elf knights
  Nergalle (Orc:1)
  A skeletal warrior (D:14)
  A shadow wraith (Vaults:5)
  A salamander mystic (Snake:3)
  11 sea snakes
  2 unseen horrors (D:11)
  8 ironbrand convokers
  A glowing orange brain (Vaults:5)
  8 deep elf archers
  4 deep trolls (Vaults:1)
  Pikel (D:6)
  3 wizards
  10 naga ritualists
  14 orc knights
  24 harpies
  30 deep elf magi
  A frost giant zombie (Vaults:3)
  4 necromancers
  5 mana vipers
  13 fauns
  4 phantasmal warriors
  A stone giant zombie (Vaults:2)
  7 salamanders
  2 wolf spiders
  An orc sorcerer (Elf:1)
  36 ugly things
  7 cyclopes
  10 manticores
  9 elephants
  2 guardian serpents
  30 black mambas
  A fire giant skeleton (Vaults:3)
  A stone giant skeleton (Vaults:2)
  10 merfolk sirens
  A frost giant skeleton (Vaults:2)
  6 water nymphs
  16 vault sentinels
  4 gargoyles
  28 naga magi
  A torpor snail (Lair:6)
  12 spiny frogs
  An efreet (D:11)
  2 rime drakes
  2 kobold demonologists (D:13)
  22 yaktaurs
  7 komodo dragons
  9 freezing wraiths
  A meliai (shapeshifter) (Vaults:2)
  25 merfolk
  2 polar bears (shapeshifter)
  A polar bear (Lair:6)
  5 trolls
  3 wind drakes
  3 hornets
  2 wolf spider simulacra
  Prince Ribbit (D:6)
  2 tengu simulacra
  A meliai zombie (D:13)
  10 blink frogs
  An ettin zombie (Vaults:2)
  17 slime creatures
  13 hippogriffs
  A hippogriff (shapeshifter) (Vaults:4)
  7 snapping turtles
  10 dream sheep
  A redback (Vaults:4)
  A tarantella (shapeshifter) (Vaults:2)
  2 wyverns
  2 tarantellas (Vaults:4)
  7 wraiths
  2 fire elementals
  6 water elementals
  58 yaks
  A human (shapeshifter) (Elf:1)
  3 basilisks
  2 hungry ghosts
  A steam dragon (D:9)
  4 vampire mosquitoes
  Menkaure (D:6)
  36 nagas
  2 wargs
  13 water moccasins
  A soldier ant (D:15)
  2 floating eyes (D:10)
  9 porcupines
  51 orc warriors
  2 ettin simulacra (Vaults:2)
  6 ice beasts
  7 sky beasts
  A black bear (D:8)
  3 necrophages
  4 phantoms
  8 wolves
  28 centaurs
  19 ogres
  The ghost of Aviak the Caller, an amateur DrSu (D:3)
  13 crocodiles
  3 big kobolds
  23 bullfrogs
  A wyvern zombie (D:14)
  2 elf skeletons
  A glowing shapeshifter simulacrum (Vaults:4)
  A wyvern skeleton (D:14)
  4 scorpions
  4 killer bees
  12 wights
  2 vampire bats (D:2)
  2 howler monkeys (D:8)
  2 electric eels (Lair:2)
  9 crimson imps
  2 yaktaur simulacra
  A quasit (D:8)
  5 hounds
  7 jellies
  5 centaur zombies
  A human simulacrum (Vaults:2)
  5 human zombies
  16 orc priests
  A bullfrog skeleton (D:4)
  9 centaur skeletons
  18 orc wizards
  3 human skeletons
  5 iguanas
  Natasha (D:3)
  10 worker ants
  3 hound zombies
  2 mummies (D:7)
  A hound skeleton (D:7)
  A worker ant zombie (D:7)
  A howler monkey skeleton (D:2)
  6 gnolls
  23 adders
  2 shadow imps (D:11)
  2 oozes (Lair:5)
  An adder zombie (D:8)
  2 worms
  A dart slug (D:1)
  5 leopard geckos
  102 orcs
  A bat skeleton (D:2)
  5 bat zombies (D:2)
  7 giant cockroaches
  7 goblins
  11 hobgoblins
  19 kobolds
  4 quokkas
  A ball python (D:4)
  4 bats
  4 frilled lizards
  A jackal skeleton (D:7)
  2 leopard gecko zombies
  An orc skeleton (D:7)
  A quokka skeleton (D:7)
  9 rats
1389 creatures vanquished.

Vanquished Creatures (collateral kills)
  Ilsuiw (Shoals:2)
  An ironheart preserver (Vaults:5)
  A deep elf death mage (Vaults:5)
  An ogre mage (Vaults:1)
  Sonja (D:13)
  A deep troll (Vaults:5)
  A flayed ghost (Vaults:5)
  An ironbrand convoker (Vaults:5)
  An elephant (Lair:5)
  A naga mage (Snake:3)
  A troll (Orc:1)
  A blink frog (Lair:1)
  4 merfolk
  A dream sheep (Shoals:2)
  2 wraiths (D:13)
  3 yaks (D:13)
  A porcupine (Lair:5)
  4 orc warriors
  An iguana (D:13)
  5 orcs
33 creatures vanquished.

Vanquished Creatures (others)
  A shadow wraith (Vaults:4)
  A deep elf mage (Vaults:3)
  A harpy (Shoals:4)
  An ironbrand convoker (Vaults:3)
  4 humans (D:14)
  An ogre (D:6)
  A centaur (D:14)
  3 fungi (Lair:6)
  16 plants
29 creatures vanquished.

Grand Total: 1451 creatures vanquished
